 Dungeon Crawl Stone Soup version 0.25-a0-545-ge4db218afc (webtiles) character file.

Game seed: 2827666995194302313, levelgen mode: deterministic

1367395 DunjonMajick the Invulnerable (level 27, -1/298 HPs)
             Began as a Deep Dwarf Fighter on Feb 20, 2020.
             Was the Champion of Makhleb.
             Slain by a demonic crawler (5 damage)
             ... on level 21 of a ziggurat on Feb 21, 2020.
             The game lasted 07:15:16 (82356 turns).

DunjonMajick the Invulnerable (Deep Dwarf Fighter) Turns: 82356, Time: 07:15:17

Health: -1/298     AC: 40    Str: 46    XL:     27
Magic:  0/27       EV: 14    Int: 15    God:    Makhleb [******]
Gold:   16393      SH:  0    Dex: 27    Spells: 3/48 levels left

rFire    + + +     SeeInvis +   g - +12 war axe "Kepeh" {freeze, +Rage rC+ Str+6 Dex+4}
rCold    + + +     Gourm    .   i - +8 tower shield
rNeg     + . .     Faith    .   N - +8 orange crystal plate armour {Archmagi, Int+3 Clar}
rPois    +         Spirit   .   a - +0 helmet of the Stars {rElec Slay+3 SInv}
rElec    +         Reflect  .   n - +1 cloak of Daops {rF+ Dex+4 SInv}
rCorr    .         Harm     .   R - +2 pair of gloves "Ruvoysenn" {rC+ Dex+3}
MR       +++..     Clarity  +   y - +1 pair of boots of the Eleven Mice {rC+ Regen+ Int-2}
Stlth    ..........             c - amulet "Huotint" {RegenMP rF++ Str+6 Dex-4}
HPRegen  0.00/turn              Q - ring "Puugec Ezyo" {MR- Str+3 Dex+3 Slay+4 Stlth-}
MPRegen  0.45/turn              X - ring "Opsoenowi" {Wiz Str+3 Dex+5 Stlth-}

@: corroded, held, non-regenerating, slowed, studying 3 skills, very slow
A: damage resistance, heal wounds, talons 1, iridescent scales 1, molten scales
1, blurry vision 2, clarity, negative energy resistance 1, sense surroundings 3,
poison resistance, screaming 1, no regeneration
}: 14/15 runes: decaying, serpentine, slimy, silver, iron, obsidian, icy, bone,
abyssal, demonic, glowing, magical, fiery, dark
a: Heal Wounds, Minor Destruction, Lesser Servant of Makhleb, Major Destruction,
Greater Servant of Makhleb, Renounce Religion, Evoke Berserk Rage


You were on level 21 of a ziggurat.
You worshipped Makhleb.
Makhleb was exalted by your worship.
You were not hungry.

You visited 17 branches of the dungeon, and saw 84 of its levels.
You visited Pandemonium 1 time, and saw 18 of its levels.
You visited the Abyss 3 times.
You visited 1 ziggurat, and saw 21 of its levels.
You also visited: Gauntlet, Ice Cave, Wizlab and Desolation.

You collected 18779 gold pieces.
You spent 2386 gold pieces at shops.

Inventory:

Hand Weapons
 g - the +12 war axe "Kepeh" (weapon) {freeze, +Rage rC+ Str+6 Dex+4}
   (You found it on level 7 of Cocytus)

   It has been specially enchanted to freeze those struck by it, causing extra
   injury to most foes and up to half again as much damage against particularly
   susceptible opponents.
   It can also slow down cold-blooded creatures.
   It affects your strength (+6).
   It affects your dexterity (+4).
   It protects you from cold.
   It lets you go berserk.
 o - the +8 demon trident "Rift" {distort, reach+}
   (You found it on level 20 of a ziggurat)

   It warps and distorts space around it.
   Unwielding it can cause banishment or high damage.
 z - the +18 lance "Wyrmbane" {slay drac, rPois rF+ rC+ AC+3}
   (You found it in an ice cave)

   It affects your AC (+3).
   It protects you from fire.
   It protects you from cold.
   It protects you from poison.
 E - the +8 demon blade "Leech" {vamp, *Rage +Rage rN+}
   (You found it on level 16 of a ziggurat)

   It inflicts no extra harm, but heals its wielder when it wounds a living foe.
   It protects you from negative energy.
   It lets you go berserk.
   It may make you go berserk in combat.
 U - the +7 sceptre of Torment {pain, torment}
   (You found it on level 18 of a ziggurat)

   In the hands of one skilled in necromantic magic, it inflicts extra damage on
   living creatures.
 Y - the +8 glaive of the Guard {elec, +Rage AC+5 SInv}
   (You found it on level 19 of a ziggurat)

   Occasionally, upon striking a foe, it will discharge some electrical energy
   and cause terrible harm.
   It affects your AC (+5).
   It lets you see invisible.
   It lets you go berserk.
Armour
 a - the +0 helmet of the Stars (worn) {rElec Slay+3 SInv}
   (You found it on level 6 of the Lair of Beasts)

   It affects your accuracy and damage with ranged weapons and melee attacks
   (+3).
   It insulates you from electricity.
   It lets you see invisible.
   If you remove this armour, your AC will decrease by 3 (40 -> 37).
 i - a +8 tower shield (worn)
 n - the +1 cloak of Daops (worn) {rF+ Dex+4 SInv}
   (You found it on level 8 of the Dungeon)

   It affects your dexterity (+4).
   It protects you from fire.
   It lets you see invisible.
   If you remove this armour, your AC will decrease by 4 (40 -> 36).
 y - the +1 pair of boots of the Eleven Mice (worn) {rC+ Regen+ Int-2}
   (You found it on level 3 of the Lair of Beasts)

   It affects your intelligence (-2).
   It protects you from cold.
   It increases your rate of regeneration.
   If you remove this armour, your AC will decrease by 4 (40 -> 36).
 A - the +6 lightning scales {run, rElec}
   (You found it on level 20 of a ziggurat)

   It insulates you from electricity.
   If you switch to wearing this armour, your AC will increase by 11 (40 -> 51).
 N - the +8 orange crystal plate armour (worn) {Archmagi, Int+3 Clar}
   (You found it in the Desolation of Salt)

   It affects your intelligence (+3).
   It protects you against confusion.
   If you remove this armour, your AC will decrease by 40 (40 -> 0).
 R - the +2 pair of gloves "Ruvoysenn" (worn) {rC+ Dex+3}
   (You found it on level 5 of the Vaults)

   It affects your dexterity (+3).
   It protects you from cold.
   If you remove this armour, your AC will decrease by 5 (40 -> 35).
Jewellery
 c - the amulet "Huotint" (around neck) {RegenMP rF++ Str+6 Dex-4}
   (You took it off a purple draconian on level 1 of the Realm of Zot)

   [amulet of magic regeneration]

   It increases your magic regeneration.
   It affects your strength (+6).
   It affects your dexterity (-4).
   It greatly protects you from fire.
 j - a ring of the Octopus King {rN+ AC+1 EV+1 Str+1 Int+1 Dex+1}
   (You found it on level 15 of a ziggurat)

   [ring of positive energy]

   It affects your AC (+1).
   It affects your evasion (+1).
   It affects your strength (+1).
   It affects your intelligence (+1).
   It affects your dexterity (+1).
   It protects you from negative energy.
 H - the amulet of the Four Winds {rN+ MR+++ Clar}
   (You found it on level 13 of a ziggurat)

   [amulet of nothing]

   It protects you from negative energy.
   It affects your resistance to hostile enchantments.
   It protects you against confusion.
 Q - the ring "Puugec Ezyo" (left hand) {MR- Str+3 Dex+3 Slay+4 Stlth-}
   (You found it on level 7 of a ziggurat)

   [ring of attention]

   It affects your strength (+3).
   It affects your dexterity (+3).
   It affects your accuracy and damage with ranged weapons and melee attacks
   (+4).
   It affects your resistance to hostile enchantments.
   It makes you less stealthy.
 W - the amulet "Gehecs" {+Rage Slay+3}
   (You found it on level 18 of a ziggurat)

   [amulet of rage]

   It affects your accuracy and damage with ranged weapons and melee attacks
   (+3).
   It lets you go berserk.
 X - the ring "Opsoenowi" (right hand) {Wiz Str+3 Dex+5 Stlth-}
   (You found it on level 20 of a ziggurat)

   [ring of wizardry]

   It improves your spell success rate.
   It affects your strength (+3).
   It affects your dexterity (+5).
   It makes you less stealthy.
Wands
 p - a wand of scattershot (35)
 v - a wand of digging (15)
 w - a wand of acid (53)
Scrolls
 b - 14 scrolls of blinking
 h - 42 scrolls of teleportation
 k - 10 scrolls of identify
 t - 14 scrolls of fog
 M - 4 scrolls of holy word
 P - 12 scrolls of summoning
 T - 7 scrolls of magic mapping
 V - 3 scrolls of silence
Potions
 d - 6 potions of brilliance
 l - 25 potions of curing
 m - 4 potions of lignification
 r - 18 potions of heal wounds
 s - a potion of haste
 C - 3 potions of berserk rage
 D - 6 potions of might
 F - 7 potions of magic
 I - 3 potions of resistance
 K - 29 potions of mutation
 L - a potion of cancellation
 Z - 2 potions of invisibility
Books
 e - a manual of Dodging
 G - a manual of Fire Magic
 J - a manual of Earth Magic
Miscellaneous
 q - a fan of gales
 u - the horn of Geryon
 x - 13 phantom mirrors
 B - 4 boxes of beasts
Comestibles
 f - 113 rations


   Skills:
 O Level 27 Fighting
 O Level 27 Axes
 - Level 12.3(19.3) Polearms
 O Level 27 Armour
 - Level 19.0 Dodging
 - Level 25.0 Shields
 + Level 11.3 Spellcasting
   Level 2.7 Hexes
 O Level 27 Necromancy
 - Level 24.2 Translocations
 - Level 20.2 Transmutations
 + Level 23.3 Earth Magic
 - Level 11.6 Invocations
 - Level 16.4 Evocations


You had 3 spell levels left.
You knew the following spells:

 Your Spells              Type           Power        Failure   Level  Hunger
a - Blink                 Tloc           N/A          0%          2    None
b - Vampiric Draining     Necr           #######...   0%          3    None
c - Apportation           Tloc           ######       0%          1    None
d - Statue Form           Tmut/Erth      #######..    1%          6    ######.
e - Controlled Blink      Tloc           N/A          3%          8    #######
f - Necromutation         Tmut/Necr      #######...   4%          8    #######
g - Infestation           Necr           #######...   1%          8    #######
h - Shatter               Erth           #######...   56%         9    #######

Your spell library contained the following spells:

 Spells                   Type           Power        Failure   Level  Hunger
 Animate Skeleton         Necr           N/A          0%          1    None
 Beastly Appendage        Tmut           ######       0%          1    None
 Pain                     Necr           ####         0%          1    None
 Sandblast                Erth           ######       0%          1    None
 Passwall                 Tmut/Erth      #######.     0%          2    None
 Sticks to Snakes         Tmut           #######.     0%          2    None
 Sublimation of Blood     Necr           #######...   0%          2    None
 Gell's Gravitas          Tloc           #######...   0%          3    None
 Lesser Beckoning         Tloc           #######...   0%          3    None
 Teleport Other           Tloc           #######.     0%          3    None
 Sting                    Tmut/Pois      ####         1%          1    None
 Corpse Rot               Necr/Air       N/A          1%          2    None
 Shroud of Golubria       Chrm/Tloc      ######       1%          2    None
 Ignite Poison            Fire/Tmut/Pois #####...     1%          3    None
 Portal Projectile        Hex/Tloc       ######       1%          3    None
 Recall                   Summ/Tloc      N/A          1%          3    None
 Spider Form              Tmut/Pois      ######....   1%          3    None
 Stone Arrow              Conj/Erth      ######       1%          3    None
 Corona                   Hex            ###....      3%          1    None
 Slow                     Hex            ###.....     5%          2    None
 Ensorcelled Hibernation  Hex/Ice        ###...       9%          2    None
 Foxfire                  Conj/Fire      ##..         11%         1    None
 Freeze                   Ice            ##..         11%         1    None
 Magic Dart               Conj           ##..         11%         1    None
 Shock                    Conj/Air       ##..         11%         1    None
 Summon Butterflies       Summ           ##......     11%         1    None
 Summon Small Mammal      Summ           ##..         11%         1    None
 Confusing Touch          Hex            ###.....     11%         3    None
 Tukima's Dance           Hex            ###.....     11%         3    None
 Call Imp                 Summ           ##......     16%         2    None
 Poisonous Vapours        Pois/Air       ##....       16%         2    None
 Searing Ray              Conj           ##....       16%         2    None
 Swiftness                Chrm/Air       ##......     16%         2    None
 Dazzling Flash           Conj/Hex       ###...       17%         3    None
 Inner Flame              Hex/Fire       ###.....     17%         3    None
 Spectral Weapon          Hex/Chrm       ###.....     17%         3    None
 Summon Guardian Golem    Hex/Summ       ###.....     17%         3    None
 Call Canine Familiar     Summ           ##......     30%         3    None
 Conjure Flame            Conj/Fire      ##......     30%         3    None
 Frozen Ramparts          Ice            ##....       30%         3    None
 Mephitic Cloud           Conj/Pois/Air  ##......     30%         3    None
 Ozocubu's Armour         Chrm/Ice       ##......     30%         3    None
 Static Discharge         Conj/Air       ##......     30%         3    None
 Animate Dead             Necr           N/A          0%          4    ###....
 Dispel Undead            Necr           #######.     0%          4    ###....
 Passage of Golubria      Tloc           N/A          0%          4    ###....
 Agony                    Necr           #######.     0%          5    #####..
 Borgnjor's Vile Clutch   Necr/Erth      #######...   0%          5    #####..
 Ice Form                 Ice/Tmut       ######..     1%          4    ###....
 Iskenderun's Mystic Bla  Conj/Tloc      ######..     1%          4    ###....
 Leda's Liquefaction      Hex/Erth       ######....   1%          4    ###....
 Petrify                  Tmut/Erth      #######.     1%          4    ###....
 Blade Hands              Tmut           #######...   1%          5    #####..
 Excruciating Wounds      Chrm/Necr      ######....   1%          5    #####..
 Lee's Rapid Deconstruct  Erth           #######...   1%          5    #####..
 Summon Forest            Summ/Tloc      ######....   1%          5    #####..
 Death Channel            Necr           #######...   1%          6    ######.
 Dispersal                Tloc           #######...   1%          6    ######.
 Hydra Form               Tmut           #######...   1%          6    ######.
 Borgnjor's Revivificati  Necr           #######...   1%          8    #######
 Yara's Violent Unravell  Hex/Tmut       ######....   2%          5    #####..
 Dragon Form              Tmut           #######...   2%          7    #######
 Disjunction              Tloc           #######...   3%          8    #######
 Alistair's Intoxication  Tmut/Pois      ######..     4%          5    #####..
 Irradiate                Conj/Tmut      ######....   4%          5    #####..
 Simulacrum               Ice/Necr       ######....   6%          6    ######.
 Bolt of Magma            Conj/Fire/Erth #####.....   12%         5    #####..
 Iron Shot                Conj/Erth      ######....   13%         6    ######.
 Eringya's Noxious Bog    Tmut/Pois      ######....   24%         6    ######.
 Cause Fear               Hex            ###.......   32%         4    ###....
 Haunt                    Necr/Summ      ######....   32%         7    #######
 Fulminant Prism          Conj/Hex       ###.......   47%         4    ###....
 Malign Gateway           Summ/Tloc      ######....   50%         7    #######
 Airstrike                Air            ##........   67%         4    ###....
 Hailstorm                Conj/Ice       ##......     67%         4    ###....
 Olgreb's Toxic Radiance  Pois           ##......     67%         4    ###....
 Sticky Flame             Conj/Fire      ##......     67%         4    ###....
 Summon Ice Beast         Ice/Summ       ##......     67%         4    ###....
 Summon Lightning Spire   Summ/Air       ##......     67%         4    ###....
 Metabolic Englaciation   Hex/Ice        ###.......   82%         5    #####..
 Silence                  Hex/Air        ###.......   82%         5    #####..
 Summon Mana Viper        Hex/Summ       ###.....     82%         5    #####..
 Death's Door             Chrm/Necr      ######....   92%         8    #######
 Aura of Abjuration       Summ           ##........   94%         5    #####..
 Fireball                 Conj/Fire      ##........   94%         5    #####..
 Iskenderun's Battlesphe  Conj/Chrm      ##......     94%         5    #####..
 Lightning Bolt           Conj/Air       ##........   94%         5    #####..
 Summon Demon             Summ           ##........   94%         5    #####..
 Darkness                 Hex            ###.......   99%         6    ######.
 Invisibility             Hex            ###.....     99%         6    ######.
 Lehudib's Crystal Spear  Conj/Erth      ######....   99%         8    #######
 Conjure Ball Lightning   Conj/Air       ##........   100%        6    ######.
 Deflect Missiles         Chrm/Air       ##........   100%        6    ######.
 Freezing Cloud           Conj/Ice/Air   ##........   100%        6    ######.
 Ozocubu's Refrigeration  Ice            ##........   100%        6    ######.
 Shadow Creatures         Summ           N/A          100%        6    ######.
 Monstrous Menagerie      Summ           ##........   100%        7    #######
 Orb of Destruction       Conj           ##........   100%        7    #######
 Ring of Flames           Chrm/Fire      ##........   100%        7    #######
 Spellforged Servitor     Conj/Summ      ##........   100%        7    #######
 Summon Greater Demon     Summ           ##........   100%        7    #######
 Summon Hydra             Summ           ##........   100%        7    #######
 Chain Lightning          Conj/Air       ##........   100%        8    #######
 Discord                  Hex            ###.......   100%        8    #######
 Ignition                 Fire           ##........   100%        8    #######
 Summon Horrible Things   Summ           ##........   100%        8    #######
 Dragon's Call            Summ           ##........   100%        9    #######
 Fire Storm               Conj/Fire      ##........   100%        9    #######
 Glaciate                 Conj/Ice       ##........   100%        9    #######
 Tornado                  Air            ##........   100%        9    #######


Dungeon Overview and Level Annotations

Branches:
Dungeon (15/15)            Temple (1/1) D:6            Lair (6/6) D:9
  Swamp (4/4) Lair:2        Snake (4/4) Lair:4        Slime (5/5) Lair:5
    Orc (2/2) D:12            Elf (3/3) Orc:2        Vaults (5/5) D:13
  Crypt (3/3) Vaults:2       Tomb (0/3) Crypt:3      Depths (5/5) D:15
   Hell (visited)             Dis (7/7) Hell            Geh (7/7) Hell
    Coc (7/7) Hell            Tar (7/7) Hell            Zot (3/5) Depths:5
  IceCv (visited)          WizLab (visited)         Desolation (visited)
Gauntlet (visited)

Altars:
Ashenzari
Cheibriados
Dithmenos
Elyvilon
Fedhas
Gozag
Hepliaklqana
Kikubaaqudgha
Makhleb
Nemelex Xobeh
Okawaru
Qazlal
Ru
Sif Muna
Trog
Uskayaw
Vehumet
Wu Jian
Xom
Yredelemnul
Zin
The Shining One
Jiyva

Shops:
D:12 (   D:13 !   Orc:2 ?**!   Elf:3 %   Snake:2 =}=   Snake:3 }   Vaults:1 (
Vaults:3 }

Portals:
Hell: Depths:1 Depths:2 Depths:3 Depths:4 Depths:5
Abyss: Depths:4 Depths:5
Pandemonium: Depths:3

Annotations:
D:9 1 runed translucent door
Coc:7 exclusion: ice statue
Zot:1 1 runed translucent door, Xaypp's ghost, legendary TeCj
Zot:3 exclusion: 4 oklob plants


Innate Abilities, Weirdness & Mutations

You are resistant to damage.
You can heal yourself by infusing magical energy.
You resist negative energy. (rN+)
You passively map a large area around you.
You do not regenerate.
You have sharp toenails.
You are partially covered in iridescent scales. (AC +2)
You are partially covered in molten scales. (AC +2)
Scrolls take you longer to read.
You possess an exceptional clarity of mind.
Your system is resistant to poisons. (rPois)
You occasionally shout uncontrollably at your foes.


Message History

The emperor scorpion claws you but does no damage.
The ghost moth hits you.
* * * LOW HITPOINT WARNING * * *
The ghost moth barely misses you.
The ghost moth stings you but does no damage.
The ghost moth stares at you.
You feel your power leaking away.
The ghost moth hits you but does no damage.
The ghost moth closely misses you. The ghost moth completely misses you.
The emperor scorpion stings you!
* * * LOW HITPOINT WARNING * * *
The emperor scorpion claws you but does no damage.
The emperor scorpion misses you. The torpor snail barely misses you.
The ghost moth stares at you.
The entropy weaver hits you but does no damage. x2
The entropy weaver hits you.
* * * LOW HITPOINT WARNING * * *
The entropy weaver hits you but does no damage.
The demonic crawler hits you!
You die...

* * * * *
▓▓............ *
▓▓.............,, *
▓▓.............. ,,
▓▓............... ,
▓▓.....°..s...s..., ,
* ▓▓.........sy.s....,
*
▓▓.........ssa..○...,
,
▓▓.........yw@yas.s..
, *
▓.∩........yasys.....
, ,, ,
▓▓........°.swa......,
▓▓.......°...○s..... ,
, ▓▓.................,
▓▓.......s....s...,,,
▓▓............... , *
▓▓.............. *
▓▓......... ,


You could see 2 emperor scorpions, 3 ghost moths, 4 entropy weavers, 2 torpor
snails, 2 demonic crawlers, a moth of wrath, 4 orb spiders, a hornet (berserk),
5 jumping spiders and a tarantella.

Vanquished Creatures
  Cerebov (Pan)
  Antaeus (Coc:7)
  the Royal Jelly (Slime:5)
  Asmodeus (Geh:7)
  Ereshkigal (Tar:7)
  Gloorx Vloq (Pan)
  A seraph (Pan)
  Lom Lobon (Pan)
  Dispater (Dis:7)
  6 ancient liches
  Mnoleg (Pan)
  2 orbs of fire (Zot:2)
  Mara (Swamp:3)
  10 juggernauts
  12 pandemonium lords
  6 Killer Klowns
  7 shard shrikes
  Saint Roka (Elf:3)
  The ghost of Ecihucs the Metallomancer, an adept GrEE of Vehumet (Vaults:3)
  Geryon (Hell)
  2 caustic shrikes (Depths:2)
  Jory (Crypt:1)
  7 golden dragons
  2 pearl dragons (Pan)
  A mutant beast (WizLab)
  A profane servitor (Abyss:5)
  12 bone dragons
  39 Tzitzimimeh
  8 iron giants
  14 doom hounds
  22 Brimstone Fiends
  18 tentacled monstrosities
  A hellephant (Pan)
  9 liches
  20 Hell Sentinels
  10 titans
  11 quicksilver dragons
  9 deep elf blademasters
  21 Ice Fiends
  7 deep elf master archers
  12 acid blobs
  An acid blob (shapeshifter) (Zig:17)
  11 ancient champions
  5 sphinxes
  6 tentacled starspawn
  3 eldritch tentacles
  5 death cobs
  8 warmongers (Pan)
  2 thorn hunters
  Kirke (D:13)
  20 shadow dragons
  26 Executioners
  8 nagarajas
  Roxanne (Swamp:4)
  14 storm dragons
  2 revenants (Crypt:2)
  7 draconian monks
  9 azure jellies
  14 tengu reavers
  4 blood saints (Pan)
  A frost giant (shapeshifter) (Zig:17)
  7 deep elf sorcerers
  A fire giant (shapeshifter) (Zig:17)
  19 daevas
  21 fire giants
  16 frost giants
  3 black suns (Pan)
  18 cacodemons
  3 caustic shrike zombies
  5 draconian knights (Zot:1)
  14 iron dragons
  33 vault wardens
  4 imperial myrmidons (Desolation)
  28 balrugs
  5 orc warlords
  5 draconian scorchers
  Aizul (Swamp:3)
  7 deep elf elementalists
  4 draconian shifters
  Louise (Elf:1)
  4 curse skulls
  6 ghost moths
  A juggernaut zombie (Zig:16)
  20 war gargoyles
  6 draconian annihilators
  30 angels (Pan)
  7 draconian stormcallers
  A ghoul (Crypt:3)
  5 elemental wellsprings
  11 entropy weavers
  28 stone giants
  11 ophanim (Pan)
  29 ironheart preservers
  28 very ugly things
  78 reapers
  2 juggernaut skeletons
  21 apis (Pan)
  The ghost of ICC the Protected, an adept VSFi of Wu Jian (Elf:2)
  Nessos (D:12)
  2 corrupters (Pan)
  Azrael (Snake:1)
  A caustic shrike skeleton (Zig:18)
  18 deep elf annihilators
  21 lorocyprocas
  11 vampire knights
  18 deep elf demonologists
  7 yellow draconians
  5 black draconians
  6 red draconians
  5 spark wasps
  17 purple draconians
  9 green draconians
  A minotaur (Gauntlet)
  3 halazid warlocks (Desolation)
  11 white draconians
  31 blizzard demons
  10 ettins
  12 green deaths
  10 fire dragons
  4 merfolk javelineers (Zig:12)
  9 jiangshi
  12 deep elf death magi
  The ghost of RedPan the Spear-Bearer, a journeyman GnWn of Cheibriados (Lair:3)
  8 eidola
  4 crystal guardians
  2 death oozes (Slime:5)
  17 yaktaur captains
  9 quicksilver dragon zombies
  A kraken zombie (Coc:7)
  11 deep elf high priests
  5 ragged hierophants (Desolation)
  Josephine (Orc:1)
  11 rakshasas
  30 starcursed masses
  14 great orbs of eyes
  6 servants of whispers
  2 shambling mangroves
  Fannar (Orc:1)
  8 hydras
  14 naga warriors
  3 monstrous demonspawn (Pan)
  2 spriggan air magi
  36 vault guards
  6 quicksilver dragon skeletons
  An anaconda (shapeshifter) (Zig:17)
  4 hell beasts
  29 ice dragons
  8 ghost crabs
  8 peacekeepers (Desolation)
  16 centaur warriors
  A two-headed ogre (shapeshifter) (WizLab)
  2 merfolk avatars
  A satyr (Zig:12)
  15 anacondas
  34 dancing weapons
  9 alligators
  8 death knights
  A satyr (shapeshifter) (Zig:20)
  A queen ant (shapeshifter) (Depths:3)
  19 deep troll earth magi
  5 tengu warriors
  14 deep troll shamans
  67 large abominations
  17 ogre magi
  9 titan zombies
  46 two-headed ogres
  31 hell hogs
  9 spriggan berserkers
  7 vampire magi
  A shock serpent (shapeshifter) (Vaults:1)
  10 naga sharpshooters
  Sonja (D:10)
  22 thrashing horrors
  10 orc high priests
  12 iron golems
  Urug (Lair:4)
  12 wretched stars
  20 small abominations
  54 hell knights
  2 storm dragon zombies
  12 shock serpents
  141 skeletal warriors
  45 sun demons
  48 soul eaters
  17 iron trolls
  10 titan skeletons
  38 deep elf knights
  7 fire crabs
  8 salamander mystics
  A spark wasp zombie (Zig:9)
  28 shadow wraiths
  9 storm dragon skeletons
  7 torturous demonspawn (Pan)
  10 gelid demonspawn (Pan)
  5 spatial maelstroms
  18 flayed ghosts
  A death drake (Gauntlet)
  26 shadow demons
  3 golden dragon zombies
  19 sixfirhies
  2 swamp dragons
  3 sea snakes (Snake:1)
  6 anaconda zombies
  20 cherubim (Pan)
  An entropy weaver zombie (Crypt:2)
  An unseen horror (shapeshifter) (WizLab)
  6 infernal demonspawn (Pan)
  13 unseen horrors
  2 lindwurms (shapeshifter)
  3 wizards
  2 ghost moth zombies
  4 anaconda skeletons
  3 naga ritualists (Snake:4)
  A swamp dragon (shapeshifter) (Vaults:1)
  8 glowing orange brains
  A glowing orange brain (shapeshifter) (WizLab)
  A kraken simulacrum (Coc:7)
  2 harpies (shapeshifter)
  36 orc knights
  62 deep trolls
  15 phantasmal warriors
  2 orange crystal statues (Zig:13)
  98 deep elf magi
  2 wolf spider zombies
  8 iron dragon zombies
  4 lindwurms (Snake:4)
  23 deep elf archers
  5 sphinx zombies (Zig:18)
  31 ironbrand convokers
  Pikel (D:8)
  2 spectral hydras (Swamp:4)
  7 shadow dragon zombies
  2 harpies (Lair:6)
  A salamander (shapeshifter) (Vaults:3)
  39 ugly things
  7 golden dragon skeletons
  13 wolf spiders
  A mana viper (shapeshifter) (Zig:20)
  26 necromancers
  A faun (Zig:12)
  2 orb spiders (Zig:6)
  6 shadow dragon skeletons
  10 mana vipers
  4 stone giant zombies
  2 worldbinders
  4 manticores
  17 orc sorcerers
  A shining eye (Slime:5)
  6 fire giant zombies
  2 wolf spiders (shapeshifter) (Vaults:5)
  2 cyclopes (shapeshifter)
  5 draconians (Abyss:5)
  8 frost giant zombies
  5 oklob plants
  13 salamanders
  8 cyclopes
  6 fire giant skeletons
  17 moths of wrath
  9 frost giant skeletons
  26 rust devils
  2 spriggan zombies (Zig:16)
  7 stone giant skeletons
  5 dire elephant zombies
  42 black mambas
  26 naga magi
  33 smoke demons
  10 centaur zombies
  6 elephants (Lair:5)
  21 vault sentinels
  7 ice statues
  5 apocalypse crabs
  2 titan simulacra (Coc:7)
  An eye of devastation (Slime:4)
  8 iron dragon skeletons
  Maurice (D:8)
  A shock serpent zombie (Tar:7)
  17 molten gargoyles
  8 dire elephant skeletons
  2 catoblepas zombies
  2 centaur skeletons
  15 guardian serpents
  25 orange demons
  2 kobold demonologists (Swamp:1)
  19 spiny frogs
  6 storm dragon simulacra (Coc:7)
  A shock serpent skeleton (Tar:5)
  10 rime drakes
  79 yaktaurs
  A death yak zombie (Crypt:1)
  23 hellions
  4 swamp worm zombies (Swamp:4)
  A spiny frog (shapeshifter) (WizLab)
  A grey draconian zombie (Crypt:2)
  2 rime drakes (shapeshifter)
  2 emperor scorpion zombies (Tar:6)
  9 komodo dragons
  19 hellwings (Pan)
  44 tormentors
  A komodo dragon (shapeshifter) (Zig:10)
  21 demonic crawlers
  11 efreet
  A minotaur skeleton (Tar:7)
  An alligator snapping turtle skeleton (Crypt:2)
  A golden dragon simulacrum (Coc:7)
  44 ice devils
  10 anaconda simulacra
  5 silent spectres
  47 freezing wraiths
  32 red devils
  A polar bear (shapeshifter) (WizLab)
  A queen bee (shapeshifter) (WizLab)
  22 hydra zombies
  14 trolls
  6 jumping spiders
  A harpy zombie (D:15)
  A meliai (shapeshifter) (WizLab)
  20 hornets
  A troll (shapeshifter) (WizLab)
  7 ancient zymes
  2 wind drakes (shapeshifter)
  7 tyrant leeches
  A wind drake (Lair:6)
  6 polar bears
  4 hydra skeletons
  2 merfolk (shapeshifter)
  60 saltlings
  A blink frog (shapeshifter) (WizLab)
  A dream sheep (shapeshifter) (Vaults:1)
  A human simulacrum (Vaults:2)
  42 blink frogs
  A deep troll zombie (Zig:3)
  A fire giant simulacrum (Vaults:2)
  2 harpy skeletons
  8 hippogriffs
  A meliai zombie (D:13)
  7 alligator zombies
  13 bog bodies
  19 raiju
  8 ettin zombies
  A hornet (shapeshifter) (WizLab)
  A hippogriff (shapeshifter) (WizLab)
  3 spectral swamp dragons (Swamp:4)
  8 fire dragon zombies
  4 dream sheep (Lair:6)
  A stone giant simulacrum (Vaults:3)
  68 slime creatures
  2 ice dragon zombies (Tar:7)
  A shock serpent simulacrum (Tar:7)
  3 black mamba zombies
  A snapping turtle (shapeshifter) (Zig:13)
  12 redbacks
  7 ettin skeletons
  3 air elementals
  A tarantella (shapeshifter) (Depths:3)
  116 flying skulls
  8 tarantellas
  8 spriggans
  29 shadows
  A vampire (Zig:10)
  4 fire dragon skeletons
  9 water elementals
  6 wyverns
  20 humans (D:13)
  4 ice dragon skeletons
  A fire bat (Pan)
  A spriggan (shapeshifter) (WizLab)
  23 ynoxinuls
  A basilisk (shapeshifter) (D:13)
  4 basilisks
  58 yaks
  A black mamba skeleton (Crypt:2)
  A fire bat (shapeshifter) (Depths:2)
  28 fire elementals
  5 hogs (D:13)
  2 golden eyes (shapeshifter) (WizLab)
  2 hogs (shapeshifter) (WizLab)
  15 golden eyes
  Menkaure (D:7)
  34 wraiths
  19 vampire mosquitoes
  6 hungry ghosts
  20 chaos spawn
  28 neqoxecs
  A soldier ant (D:12)
  19 swamp worms
  8 spatial vortices
  24 insubstantial wisps
  46 nagas
  10 wargs
  A merfolk skeleton (Pan)
  An acid dragon (Vaults:2)
  9 hydra simulacra
  A water nymph skeleton (Crypt:2)
  16 porcupines
  61 hell hounds
  3 spiny frog zombies
  34 water moccasins
  5 swamp drakes
  A hornet zombie (D:12)
  7 floating eyes
  2 gelid demonspawn skeletons
  2 snapping turtle zombies
  10 phantoms
  98 orc warriors
  8 ice beasts
  6 spiny frog skeletons
  3 black bears
  A black bear (shapeshifter) (Vaults:2)
  6 eyes of draining
  2 eyes of draining (shapeshifter)
  A sky beast (D:15)
  An ettin simulacrum (Crypt:2)
  64 ogres
  A wolf (shapeshifter) (Depths:4)
  8 boggarts
  6 swamp dragon zombies
  21 necrophages
  5 wolves (Lair:4)
  12 centaurs
  2 swamp dragon skeletons
  3 manticore skeletons
  5 human skeletons
  A crocodile (shapeshifter) (WizLab)
  2 snapping turtle skeletons
  14 crocodiles
  A hog skeleton (Crypt:1)
  3 earth elementals
  2 big kobolds (D:8)
  2 gnoll sergeants
  13 bullfrogs
  6 elf zombies
  An elf skeleton (Pan)
  A spiny frog simulacrum (Coc:5)
  3 wyvern zombies
  A hippogriff skeleton (Crypt:1)
  A deep troll simulacrum (Vaults:3)
  A cyclops skeleton (Crypt:2)
  A water moccasin skeleton (Crypt:2)
  5 scorpions
  3 troll zombies
  11 killer bees
  A troll skeleton (Tar:2)
  56 wights
  3 howler monkeys
  2 spriggan skeletons
  4 electric eels (D:13)
  10 crimson imps
  5 bullfrog zombies
  4 lava snakes (Lair:3)
  A draconian simulacrum (IceCv)
  An elf simulacrum (Coc:2)
  A quasit (Abyss:3)
  A yaktaur simulacrum (Vaults:1)
  7 hounds
  A hound (shapeshifter) (Vaults:2)
  A human zombie (Tar:3)
  5 jellies
  Crazy Yiuf (D:2)
  27 orc priests
  32 iron imps
  4 bullfrog skeletons
  Natasha (twice) (D:2)
  Terence (D:2)
  3 iguanas
  8 worker ants
  34 orc wizards
  3 spectral swamp drakes (Swamp:4)
  12 hell rats (Hell)
  3 troll simulacra (IceCv)
  A felid zombie (Crypt:1)
  A naga zombie (Dis:1)
  An ogre zombie (Geh:7)
  4 centaur simulacra (IceCv)
  An ogre skeleton (Tar:5)
  A hound zombie (D:6)
  2 hound skeletons
  3 mummies
  2 worker ant zombies
  23 gnolls
  A naga simulacrum (IceCv)
  19 adders
  A hound simulacrum (D:10)
  An ogre simulacrum (IceCv)
  18 shadow imps
  24 white imps
  2 ufetubi (Abyss:3)
  An ooze (Lair:5)
  2 adder zombies
  An adder skeleton (D:5)
  4 worms
  2 ball lightnings (Pan)
  2 dart slugs (D:3)
  6 leopard geckos
  101 orcs
  3 giant cockroaches
  8 goblins
  8 hobgoblins
  12 jackals
  3 quokkas
  6 ball pythons
  10 bats
  4 frilled lizards
  2 goblin zombies (D:5)
  3 hobgoblin zombies (D:5)
  18 kobolds
  A kobold skeleton (D:5)
  2 leopard gecko skeletons
  An orc skeleton (Geh:7)
  An orc zombie (D:5)
  2 rats (D:3)
  A rat zombie (Crypt:2)
  A briar patch (Swamp:1)
  A bush (Zot:3)
  A crawling corpse (Elf:2)
  A fire vortex (Pan)
  10 fungi
  A lurking horror (Abyss:5)
  3 plants
  9 starspawn tentacles
  A tentacle (Coc:7)
5542 creatures vanquished.

Vanquished Creatures (collateral kills)
  Rupert (D:14)
  2 deep elf master archers (Elf:3)
  An Executioner (Pan)
  A deep elf elementalist (Elf:3)
  A large abomination (Elf:3)
  A dire elephant (Lair:4)
  A deep elf annihilator (Elf:3)
  The ghost of astraldaughter the Grappler, a journeyman TrMo of Hepliaklqana (Lair:4)
  An ice dragon (Swamp:2)
  2 deep elf high priests (Elf:3)
  4 anacondas (Snake:4)
  A deep elf mage (Elf:3)
  A mana viper (Snake:4)
  2 hydra simulacra (Swamp:2)
  An orc warrior (Elf:3)
  A crimson imp (D:14)
  An orc priest (Elf:3)
23 creatures vanquished.

Vanquished Creatures (others)
  An eldritch tentacle (Tar:7)
  A cacodemon (Pan)
  2 stone giants
  A deep elf annihilator (Pan)
  A blizzard demon (Pan)
  A yaktaur captain (Vaults:3)
  A monstrous demonspawn (Pan)
  2 rakshasas (Pan)
  2 centaur warriors
  3 hell hogs
  A naga sharpshooter (Snake:4)
  A dancing weapon (Crypt:3)
  2 deep elf knights
  A sixfirhy (Pan)
  An unseen horror (Vaults:1)
  A mana viper (Snake:4)
  A glowing orange brain (Pan)
  2 deep elf magi
  3 necromancers
  3 cyclopes
  A naga mage (Snake:4)
  4 orange demons (Pan)
  A spiny frog (Swamp:2)
  A hellwing (Pan)
  11 yaktaurs
  A freezing wraith (Vaults:1)
  A bog body (Coc:7)
  A shadow (Geh:1)
  2 large abominations
  A flying skull (Geh:7)
  A fire dragon skeleton (Geh:7)
  A water elemental (Zig:19)
  A chaos spawn (Zig:17)
  A water moccasin (Snake:3)
  A hell hound (Dis:7)
  2 phantoms
  An orc warrior (Vaults:1)
  A slave (D:8)
  A boggart (Depths:4)
  An ogre (Depths:1)
  A small abomination (Abyss:5)
  A wight (Geh:1)
  3 orc wizards
  An iron imp (Dis:7)
  An adder (Snake:3)
  A white imp (Coc:7)
  12 ball lightnings (Pan)
  3 orcs (Elf:3)
  A block of ice (Pan)
  A briar patch (Swamp:1)
  8 fungi
  2 lurking horrors
  6 plants
  12 starspawn tentacles
  12 tentacles (Coc:7)
131 creatures vanquished.

Grand Total: 5696 creatures vanquished

Notes
Turn   | Place    | Note
-------+----------+-------------------------------------------
     0 | D:1      | DunjonMajick the Deep Dwarf Fighter began the quest for the
                  | Orb.
     0 | D:1      | Reached XP level 1. HP: 20/20 MP: 1/1
   223 | D:1      | Reached XP level 2. HP: 24/27 MP: 2/2
  1028 | D:2      | Reached XP level 3. HP: 26/33 MP: 3/3
  1095 | D:2      | Noticed Terence
  1097 | D:2      | Gained mutation: You have large cloven feet. [potion of
                  | mutation]
  1097 | D:2      | Gained mutation: Your spells are a little harder to cast,
                  | but a little more powerful. [potion of mutation]
  1097 | D:2      | Gained mutation: You are robust. (+10% HP) [potion of
                  | mutation]
  1097 | D:2      | Gained mutation: You are agile. (Dex +2) [potion of
                  | mutation]
  1099 | D:2      | Killed Terence
  1141 | D:2      | Reached skill level 5 in Axes
  1141 | D:2      | Reached XP level 4. HP: 22/44 MP: 4/4
  1613 | D:2      | Noticed Natasha
  1624 | D:2      | Killed Natasha
  1624 | D:2      | Reached XP level 5. HP: 48/50 MP: 5/5
  1698 | D:2      | Found a runed translucent door.
  1699 | D:2      | Noticed Crazy Yiuf
  1859 | D:2      | Killed Crazy Yiuf
  1923 | D:2      | Noticed Natasha
  1929 | D:2      | Killed Natasha
  2113 | D:3      | Reached skill level 5 in Shields
  2152 | D:3      | Found an iron altar of Okawaru.
  2171 | D:3      | Reached XP level 6. HP: 51/60 MP: 6/6
  2576 | D:3      | Found a basalt altar of Yredelemnul.
  3119 | D:4      | Found an ornate altar of the Wu Jian Council.
  3154 | D:5      | Entered Level 5 of the Dungeon
  3199 | D:5      | Found a shadowy altar of Dithmenos.
  3282 | D:5      | Reached XP level 7. HP: 34/67 MP: 7/7
  3285 | D:5      | Found a glowing golden altar of the Shining One.
  3719 | D:5      | Found a bloodstained altar of Trog.
  3923 | D:6      | Reached XP level 8. HP: 49/74 MP: 7/7
  4082 | D:6      | Reached skill level 10 in Shields
  4155 | D:6      | Found a shattered altar of Ashenzari.
  4278 | D:6      | Found a staircase to the Ecumenical Temple.
  4312 | Temple   | Entered the Ecumenical Temple
  4353 | Temple   | Became a worshipper of Makhleb the Destroyer
  4429 | D:6      | Found a glowing golden altar of the Shining One.
  4525 | D:6      | Reached skill level 5 in Armour
  4643 | D:6      | Found a snail-covered altar of Cheibriados.
  4879 | D:7      | Gained mutation: You passively map the area around you.
                  | [Deep Dwarf growth]
  4879 | D:7      | Reached XP level 9. HP: 54/81 MP: 7/7
  4988 | D:7      | Noticed Menkaure
  5006 | D:7      | Killed Menkaure
  5214 | D:7      | Found a white marble altar of Elyvilon.
  5224 | D:7      | Reached * piety under Makhleb
  5676 | D:7      | Found a hide-covered altar of Uskayaw.
  6620 | D:8      | Reached XP level 10. HP: 23/89 MP: 7/7
  6965 | D:8      | Got a distressingly furry cloak
  6978 | D:8      | Identified the +1 cloak of Daops {rF+ Dex+4 SInv} (You
                  | found it on level 8 of the Dungeon)
  7016 | D:8      | Reached skill level 10 in Axes
  7042 | D:8      | Found a shimmering blue altar of Sif Muna.
  7289 | D:8      | Noticed Maurice
  7313 | D:8      | Killed Maurice
  7313 | D:8      | Reached ** piety under Makhleb
  7455 | D:8      | Noticed Pikel
  7476 | D:8      | Killed Pikel
  7806 | D:9      | Reached XP level 11. HP: 76/96 MP: 8/8
  7897 | D:9      | Reached *** piety under Makhleb
  7899 | D:9      | Found a staircase to the Lair.
  8344 | D:9      | Found a radiant altar of Vehumet.
  8406 | D:9      | Reached skill level 5 in Fighting
  8721 | D:9      | Found a runed translucent door.
  8723 | D:9      | Noticed a sixfirhy
  8827 | D:9      | Found a glowing silver altar of Zin.
  8869 | D:9      | Found a white marble altar of Elyvilon.
  8939 | D:10     | Entered Level 10 of the Dungeon
  9149 | D:10     | Noticed Sonja
  9153 | D:10     | Killed Sonja
  9297 | D:10     | Noticed an unseen horror
  9316 | D:10     | Killed an unseen horror
  9533 | D:11     | Reached skill level 1 in Evocations
 10240 | D:11     | Noticed a two-headed ogre
 10245 | D:11     | Killed a two-headed ogre
 10486 | D:12     | Reached **** piety under Makhleb
 10498 | D:12     | Noticed Nessos
 10543 | D:12     | Killed Nessos
 10543 | D:12     | Reached XP level 12. HP: 73/121 MP: 14/14
 10786 | D:12     | Found a sparkling altar of Nemelex Xobeh.
 10965 | D:12     | Found a staircase to the Orcish Mines.
 10966 | D:12     | Found Idisi's Weapon Shop.
 11179 | D:12     | Noticed a six-headed hydra
 11193 | D:12     | Killed a four-headed hydra
 11335 | Orc:1    | Entered Level 1 of the Orcish Mines
 11365 | Orc:1    | Noticed Fannar
 11386 | Orc:1    | Killed Fannar
 11502 | Orc:1    | Reached skill level 5 in Invocations
 11603 | Orc:1    | Noticed Josephine
 11611 | Orc:1    | Noticed an orc high priest
 11619 | Orc:1    | Killed Josephine
 11629 | Orc:1    | Killed an orc high priest
 11847 | D:12     | Bought the +7 hand axe of Valiance {vorpal, rElec Str+4
                  | Int-4} for 856 gold pieces
 11878 | Orc:2    | Entered Level 2 of the Orcish Mines
 12034 | Orc:2    | Reached ***** piety under Makhleb
 12079 | Orc:2    | Found a staircase to the Elven Halls.
 12275 | Orc:2    | Found Qivobun's Distillery.
 12285 | Orc:2    | Noticed an orc high priest
 12323 | Orc:2    | Killed an orc high priest
 12334 | Orc:2    | Reached XP level 13. HP: 55/128 MP: 17/17
 12753 | Orc:2    | Found Keuneng's Magic Scroll Shop.
 12754 | Orc:2    | Found Lonoexzo's General Store.
 12758 | Orc:2    | Found Remeb's Assorted Antiques.
 12778 | Orc:2    | Bought a potion of might for 48 gold pieces
 12778 | Orc:2    | Bought a potion of might for 48 gold pieces
 12778 | Orc:2    | Bought a potion of heal wounds for 60 gold pieces
 12801 | Orc:2    | Bought a scroll labeled NEXUTT SEIMUI for 27 gold pieces
 12801 | Orc:2    | Bought a tiny bronze amulet for 135 gold pieces
 12825 | Orc:2    | Bought a scroll of immolation for 49 gold pieces
 12833 | Orc:2    | Bought a bronze wand for 108 gold pieces
 12960 | D:13     | Reached skill level 10 in Armour
 13018 | D:13     | Noticed Kirke
 13052 | D:13     | Killed Kirke
 13228 | D:13     | Found Pofaif's Distillery.
 13246 | D:13     | Bought a potion of heal wounds for 65 gold pieces
 13253 | D:13     | Found a frozen archway.
 13307 | IceCv    | Entered an ice cave
 13497 | IceCv    | Reached ****** piety under Makhleb
 13799 | IceCv    | Found the +8 lance "Wyrmbane" {slay drac, rPois rF+ rC+
                  | AC+3}
 13811 | IceCv    | Reached skill level 10 in Invocations
 13943 | D:13     | Reached skill level 1 in Polearms
 14074 | D:13     | Found a gate to the Vaults.
 14084 | D:13     | Gained mutation: You resist negative energy. (rN+) [Deep
                  | Dwarf growth]
 14084 | D:13     | Reached XP level 14. HP: 136/136 MP: 15/15
 15116 | D:14     | Noticed Rupert
 15130 | D:14     | Paralysed by Rupert for 7 turns
 15130 | D:14     | Killed Rupert
 15450 | Lair:1   | Entered Level 1 of the Lair of Beasts
 16220 | Lair:2   | Found a staircase to the Swamp.
 16469 | Lair:2   | Got a slimy scale mail
 16470 | Lair:2   | Identified the cursed +0 scale mail of Daisies {+Inv} (You
                  | found it on level 2 of the Lair of Beasts)
 17301 | Lair:3   | Got a pair of shimmering boots
 17312 | Lair:3   | Identified the +1 pair of boots of the Eleven Mice {rC+
                  | Regen+ Int-2} (You found it on level 3 of the Lair of
                  | Beasts)
 17487 | Lair:3   | Found a runed translucent door.
 17837 | Lair:3   | Noticed RedPan's ghost (journeyman GnWn)
 17991 | Lair:3   | Killed RedPan's ghost
 17991 | Lair:3   | Reached skill level 15 in Shields
 18138 | Lair:4   | Found a staircase to the Snake Pit.
 18151 | Lair:4   | Reached skill level 10 in Evocations
 18271 | Lair:4   | Noticed Urug
 18282 | Lair:4   | Killed Urug
 18320 | Lair:4   | Found a runed translucent door.
 18321 | Lair:4   | Noticed astraldaughter's ghost (journeyman TrMo)
 18688 | Lair:4   | Killed astraldaughter's ghost
 19033 | Lair:5   | Reached XP level 15. HP: 141/145 MP: 16/16
 19341 | Lair:5   | Found a runed translucent door.
 19342 | Lair:5   | Found a viscous altar of Jiyva.
 19344 | Lair:5   | Found a staircase to the Slime Pits.
 19538 | Lair:5   | Found a runed translucent door.
 19987 | Lair:6   | Entered Level 6 of the Lair of Beasts
 20070 | Lair:6   | Reached skill level 15 in Evocations
 20091 | Lair:6   | Found a gate leading to a gauntlet.
 20163 | Gauntlet | Entered a Gauntlet
 20163 | Gauntlet | Found a transporter.
 20163 | Gauntlet | Found a transporter.
 20163 | Gauntlet | Found a transporter.
 20181 | Gauntlet | Found a transporter.
 20182 | Gauntlet | Found a transporter.
 20189 | Gauntlet | Found a transporter.
 20192 | Gauntlet | Found a transporter.
 20208 | Gauntlet | Found a transporter.
 20221 | Gauntlet | Found a transporter.
 20226 | Gauntlet | Found a transporter.
 20229 | Gauntlet | Found a transporter.
 20250 | Gauntlet | Found a runed translucent door.
 20250 | Gauntlet | Found a transporter.
 20418 | Gauntlet | Got a flickering wooden ring
 20419 | Gauntlet | Identified the ring "Yfohaint" {*Corrode rN+ MR+ AC+4} (You
                  | found it in a Gauntlet)
 20469 | Gauntlet | Got a steaming helmet
 20481 | Gauntlet | Identified the cursed +0 helmet "Lotickef" {MR+ Int+2} (You
                  | found it in a Gauntlet)
 20516 | Gauntlet | Identified the +6 scale mail "Foehoex" {rPois rN+}
 20578 | Gauntlet | Got a faintly glowing scale mail
 20583 | Lair:6   | Identified the +1 scale mail of the Equinox {rCorr} (You
                  | found it in a Gauntlet)
 20623 | Lair:6   | Identified the Reference Book on Protection
 20860 | Lair:6   | Got a faintly humming helmet
 20861 | Lair:6   | Identified the cursed +0 helmet of the Stars {rElec Slay+3
                  | SInv} (You found it on level 6 of the Lair of Beasts)
 20891 | Lair:6   | Identified a scroll of acquirement
 20896 | Lair:6   | Identified the +0 cloak "Ocoilio" {MR+} (You acquired it on
                  | level 6 of the Lair of Beasts)
 21521 | Swamp:1  | Entered Level 1 of the Swamp
 21615 | Swamp:1  | Found an opulent altar of Gozag.
 21660 | Swamp:1  | Learned a level 2 spell: Blink
 21660 | Swamp:1  | Noticed a thorn hunter
 21686 | Swamp:1  | Killed a thorn hunter
 21758 | Swamp:1  | Reached XP level 16. HP: 155/155 MP: 20/20
 22458 | Swamp:2  | Reached skill level 10 in Fighting
 22521 | Swamp:2  | Noticed a thorn hunter
 22541 | Swamp:2  | Killed a thorn hunter
 23099 | Swamp:3  | Noticed Aizul
 23139 | Swamp:3  | Killed Aizul
 23263 | Swamp:3  | Noticed Mara
 23276 | Swamp:3  | Noticed DunjonMajick's illusion
 23324 | Swamp:3  | Killed Mara
 23324 | Swamp:3  | Reached skill level 15 in Armour
 23735 | Swamp:3  | Reached skill level 5 in Polearms
 23857 | Swamp:4  | Entered Level 4 of the Swamp
 23888 | Swamp:4  | Noticed Roxanne
 24812 | Swamp:4  | Killed Roxanne
 24935 | Swamp:4  | Reached XP level 17. HP: 168/168 MP: 21/21
 25100 | Swamp:4  | Noticed a bone dragon
 25121 | Swamp:4  | Killed a bone dragon
 25243 | Swamp:4  | Got a decaying rune of Zot
 25426 | Snake:1  | Entered Level 1 of the Snake Pit
 25852 | Snake:1  | Reached skill level 1 in Translocations
 25862 | Snake:1  | Noticed Azrael
 25883 | Snake:1  | Killed Azrael
 25883 | Snake:1  | Reached skill level 1 in Spellcasting
 26450 | Snake:2  | Reached skill level 5 in Translocations
 26994 | Snake:2  | Found Eggein's Jewellery Shoppe.
 26995 | Snake:2  | Found Viykkutu's Gadget Boutique.
 26996 | Snake:2  | Found Ymydaavo's Jewellery Shoppe.
 27097 | Snake:3  | Found the cursed necklace of Bloodlust {*Rage +Rage MR++
                  | Int-3 Slay+6 *Curse}
 27683 | Snake:3  | Found Pihixusi's Gadget Emporium.
 28089 | Snake:4  | Entered Level 4 of the Snake Pit
 28354 | Snake:4  | Gained mutation: You passively map a large area around you.
                  | [Deep Dwarf growth]
 28354 | Snake:4  | Reached XP level 18. HP: 177/177 MP: 22/22
 29394 | Snake:4  | Got a serpentine rune of Zot
 29795 | Elf:1    | Entered Level 1 of the Elven Halls
 30667 | Elf:1    | Reached XP level 19. HP: 193/193 MP: 23/23
 30680 | Elf:1    | Identified Siqihaiw's Incunabulum of Creative Conjuration
 30841 | Elf:1    | Noticed Louise
 30862 | Elf:1    | Killed Louise
 31193 | Elf:2    | Found a runed translucent gate.
 31195 | Elf:2    | Found a runed translucent gate.
 31198 | Elf:2    | Found a runed translucent gate.
 31338 | Elf:2    | Found a runed translucent door.
 31338 | Elf:2    | Found a shimmering altar of Xom.
 31338 | Elf:2    | Noticed ICC's ghost (adept VSFi)
 31356 | Elf:2    | Reached skill level 15 in Fighting
 31384 | Elf:2    | Killed ICC's ghost
 31981 | Elf:3    | Entered Level 3 of the Elven Halls
 32103 | Elf:3    | Noticed a Brimstone Fiend
 32105 | Elf:3    | Noticed a Brimstone Fiend
 32196 | Elf:3    | Found Vagocy's Food Boutique.
 32442 | Elf:3    | Noticed Saint Roka
 32451 | Elf:3    | Reached skill level 10 in Translocations
 32464 | Elf:3    | Identified the +7 rapier "Gath" {flame, Dex+2}
 32531 | Elf:3    | Reached XP level 20. HP: 72/218 MP: 23/23
 32608 | Elf:3    | Reached skill level 1 in Dodging
 33002 | Elf:3    | Killed Saint Roka
 33030 | Elf:3    | Reached skill level 5 in Dodging
 33036 | Elf:3    | Identified the +7 spear "Asyfytt" {vorpal, +Fly MR+}
 33098 | Elf:3    | Identified the +3 war axe of Revolt {antimagic, rN++}
 33196 | Elf:3    | Identified the Compendium of Dramatic Exits
 33269 | Elf:3    | Found the +7 great mace "Firestarter" {inner flame, rF++}
 33363 | Elf:3    | Identified the Grimoire of Summoning and Flight
 33399 | Elf:3    | Identified the +8 spear of Valour {vorpal, *Noise +Rage
                  | Str-4 Stlth+}
 33609 | Vaults:1 | Entered Level 1 of the Vaults
 33795 | Vaults:1 | Found Vaufrita's Weapon Emporium.
 33883 | Vaults:1 | Reached skill level 10 in Dodging
 33974 | Vaults:1 | Reached skill level 10 in Polearms
 34142 | Vaults:1 | Found a ruined gateway.
 34162 | Desolati | Entered the Desolation of Salt
 34471 | Desolati | Reached XP level 21. HP: 217/226 MP: 24/24
 34507 | Desolati | Identified the Grimoire of the Snowflakes and Intoxication
 34510 | Desolati | Got a faintly glowing sapphire amulet
 34512 | Desolati | Identified the amulet "Umudual" {rElec rN+ Regen+} (You
                  | found it in the Desolation of Salt)
 34581 | Desolati | Found the ring of Robustness {AC+8}
 34583 | Desolati | Found the +8 orange crystal plate armour {Archmagi, Int+3
                  | Clar}
 34594 | Desolati | Got a translucent ivory ring
 34597 | Desolati | Got a pair of brightly glowing gloves
 34600 | Desolati | Identified the Volume of Companions
 34616 | Desolati | Identified the +3 pair of gloves of Infinity {+Blink} (You
                  | found it in the Desolation of Salt)
 34618 | Desolati | Identified the ring of the Empire {Ice Int+6} (You found it
                  | in the Desolation of Salt)
 34842 | Desolati | Found the +2 cloak of the Thief {+Fog Slay-2 SInv Stlth+}
 37365 | Vaults:2 | Found a staircase to the Crypt.
 37446 | Vaults:2 | Paralysed by a hornet for 1 turns
 37823 | Vaults:2 | Identified the cursed +0 battleaxe "Taaweg" {drain, +Inv
                  | rN+}
 37827 | Vaults:2 | Reached XP level 22. HP: 235/235 MP: 25/25
 38706 | Vaults:3 | Found a runed translucent door.
 38706 | Vaults:3 | Noticed Ecihucs's ghost (adept GrEE)
 38727 | Vaults:3 | Killed Ecihucs's ghost
 39180 | Vaults:3 | Found Pepn's Gadget Emporium.
 40399 | Vaults:4 | Reached XP level 23. HP: 244/244 MP: 26/26
 40945 | Vaults:4 | Identified the -5 helmet of the Devil's Team {rF+++ Int-5
                  | Dex-3} (You acquired it on level 4 of the Vaults)
 41367 | Vaults:5 | Entered Level 5 of the Vaults
 41429 | Vaults:5 | Reached skill level 15 in Dodging
 41823 | Vaults:5 | Identified the +4 troll leather armour of Elyvilon's
                  | Approval {Regen+ Dex+6}
 41836 | Vaults:5 | Noticed an ancient lich
 41916 | Vaults:5 | Reached XP level 24. HP: 212/254 MP: 26/26
 41986 | Vaults:5 | Got a silver rune of Zot
 42102 | Vaults:5 | Got a spiked plate armour
 42103 | Vaults:5 | Identified the cursed +1 plate armour of the Tarantula {rF+
                  | MR+ Regen+ Str+4} (You found it on level 5 of the Vaults)
 42187 | Vaults:5 | Killed an ancient lich
 42312 | Vaults:5 | Got a bronze plate armour
 42313 | Vaults:5 | Identified the +1 plate armour of the Devil's Advocate {rN+
                  | MR- Int+3 SInv} (You found it on level 5 of the Vaults)
 42367 | Vaults:5 | Got a pair of transparent gloves
 42378 | Vaults:5 | Identified the +2 pair of gloves "Ruvoysenn" {rC+ Dex+3}
                  | (You found it on level 5 of the Vaults)
 42519 | Vaults:5 | Identified the +6 rapier of Luets {protect, -Tele Int+3
                  | SInv}
 43208 | Slime:1  | Entered Level 1 of the Pits of Slime
 43679 | Slime:5  | Entered Level 5 of the Pits of Slime
 43695 | Slime:5  | Gained mutation: You tend to lose your temper in combat. [a
                  | shining eye]
 43698 | Slime:5  | Gained mutation: Your body sometimes deteriorates upon
                  | taking damage. [a shining eye]
 43701 | Slime:5  | Gained mutation: You are dopey. (Int -2) [a shining eye]
 43743 | Slime:5  | Paralysed by a floating eye for 3 turns
 43771 | Slime:5  | Noticed the Royal Jelly
 43772 | Slime:5  | Found a viscous altar of Jiyva.
 43799 | Slime:5  | Killed the Royal Jelly
 43804 | Slime:5  | Reached skill level 27 in Armour
 43900 | Slime:5  | Identified the Almanac of Dark Secrets
 43925 | Slime:5  | Identified the Grimoire of Torrid Ice
 43948 | Slime:5  | Got a slimy rune of Zot
 44378 | Elf:3    | Lost mutation: You have large cloven feet. [potion of
                  | mutation]
 44378 | Elf:3    | Lost mutation: Your body sometimes deteriorates upon taking
                  | damage. [potion of mutation]
 44378 | Elf:3    | Lost mutation: You are robust. (+10% HP) [potion of
                  | mutation]
 44378 | Elf:3    | Gained mutation: You are very agile. (Dex +4) [potion of
                  | mutation]
 44378 | Elf:3    | Lost mutation: You are dopey. (Int -2) [potion of mutation]
 44378 | Elf:3    | Gained mutation: You are partially covered in molten
                  | scales. (AC +2) [potion of mutation]
 44626 | Crypt:1  | Entered Level 1 of the Crypt
 45039 | Crypt:1  | Noticed Jory
 45066 | Crypt:1  | Killed Jory
 45511 | Crypt:2  | Reached skill level 5 in Spellcasting
 46363 | Crypt:3  | Entered Level 3 of the Crypt
 46472 | Crypt:3  | Reached XP level 25. HP: 238/238 MP: 26/26
 46566 | Crypt:3  | Reached skill level 1 in Transmutations
 46608 | Crypt:3  | Got a glittering glass ring
 46613 | Crypt:3  | Identified the ring "Xoyx Conu" {+Fly MR+} (You found it on
                  | level 3 of the Crypt)
 46749 | Crypt:3  | Reached skill level 5 in Transmutations
 46796 | Crypt:3  | Found an ancient bone altar of Kikubaaqudgha.
 46796 | Crypt:3  | Noticed an ancient lich
 46804 | Crypt:3  | Killed an ancient lich
 46853 | Crypt:3  | Identified the Grimoire of Unholy Rites
 47188 | Crypt:3  | Reached skill level 10 in Transmutations
 47197 | Crypt:3  | Found a staircase to the Tomb.
 47598 | D:15     | Entered Level 15 of the Dungeon
 47648 | D:15     | Found a staircase to the Depths.
 48392 | Depths:1 | Entered Level 1 of the Depths
 49122 | Depths:1 | Found a runed translucent door.
 49127 | Depths:1 | Found a gateway to Hell.
 49720 | Depths:2 | Identified the +3 robe "Tuin Sei" {rF- Str+7}
 49722 | Depths:2 | Reached XP level 26. HP: 234/247 MP: 26/26
 50046 | Depths:2 | Found a shattered altar of Ashenzari.
 50489 | Depths:3 | Found a one-way gate leading to the halls of Pandemonium.
 51048 | Depths:3 | Found a gateway to a ziggurat.
 51162 | Depths:3 | Found a magical portal.
 51367 | WizLab   | Identified Cigotuvi's Papyrus of Lethal Transmigration
 51377 | WizLab   | Identified Ygruraeska's Papyrus of Transmigration
 51603 | WizLab   | Paralysed by a floating eye for 2 turns
 51614 | WizLab   | Paralysed by a floating eye for 4 turns
 51624 | WizLab   | Paralysed by a floating eye for 2 turns
 51630 | WizLab   | Paralysed by a floating eye for 3 turns
 51650 | WizLab   | Paralysed by a floating eye for 2 turns
 51667 | WizLab   | Paralysed by a floating eye for 4 turns
 51703 | WizLab   | Found the -2 hat of the Alchemist {rElec rPois rF+ rC+ rN+
                  | MR+ rMut rCorr}
 53228 | Depths:4 | Found a one-way gate to the infinite horrors of the Abyss.
 53451 | Depths:4 | Found a transporter.
 53665 | Depths:4 | Found a transporter.
 53800 | Depths:4 | Noticed a juggernaut
 53820 | Depths:4 | Killed a juggernaut
 53839 | Depths:4 | Reached XP level 27. HP: 254/254 MP: 26/26
 54168 | Depths:4 | Noticed a juggernaut
 54194 | Depths:4 | Killed a juggernaut
 54390 | Depths:4 | Got a crude crystal amulet
 54415 | Depths:4 | Got a faintly glowing lapis lazuli ring
 54423 | Depths:4 | Identified the amulet "Ryw Gar" {+Rage rF+++ Dex+7 Slay-2}
                  | (You found it on level 4 of the Depths)
 54428 | Depths:4 | Identified the ring "Bair" {rPois rF++ MR+} (You found it
                  | on level 4 of the Depths)
 54463 | Depths:5 | Entered Level 5 of the Depths
 55064 | Depths:5 | Learned a level 3 spell: Vampiric Draining
 55111 | Depths:5 | Reached skill level 1 in Necromancy
 55386 | Depths:5 | Reached skill level 5 in Necromancy
 55744 | Depths:5 | Found a gate to the Realm of Zot.
 56900 | Snake:3  | Bought a phantom mirror for 330 gold pieces
 56900 | Snake:3  | Bought a phantom mirror for 330 gold pieces
 56900 | Snake:3  | Bought a phantom mirror for 330 gold pieces
 57291 | Zot:1    | Entered Level 1 of the Realm of Zot
 57358 | Zot:1    | Found a runed translucent door.
 57359 | Zot:1    | Noticed Xaypp's ghost (legendary TeCj)
 57626 | Zot:1    | Reached skill level 10 in Necromancy
 57783 | Zot:1    | Identified the amulet "Huotint" {RegenMP rF++ Str+6 Dex-4}
 58621 | Zot:2    | Noticed an orb of fire
 58632 | Zot:2    | Gained mutation: You are weak. (Str -2) [an orb of fire]
 58654 | Zot:2    | Killed an orb of fire
 58736 | Zot:2    | Noticed an orb of fire
 58753 | Zot:2    | Gained mutation: You are dopey. (Int -2) [an orb of fire]
 58762 | Zot:2    | Killed an orb of fire
 60286 | Depths:4 | Lost mutation: You tend to lose your temper in combat.
                  | [potion of mutation]
 60286 | Depths:4 | Lost mutation: You are dopey. (Int -2) [potion of mutation]
 60286 | Depths:4 | Lost mutation: You are weak. (Str -2) [potion of mutation]
 60286 | Depths:4 | Lost mutation: Your spells are a little harder to cast, but
                  | a little more powerful. [potion of mutation]
 60286 | Depths:4 | Lost mutation: You are very agile. (Dex +4) [potion of
                  | mutation]
 60286 | Depths:4 | Gained mutation: Your muscles are strong. (Str +2) [potion
                  | of mutation]
 60341 | Depths:4 | Voluntarily entered the Abyss.
 60349 | Abyss:1  | Found a corrupted altar of Lugonu.
 60391 | Abyss:2  | Got a crystal broad axe
 60392 | Abyss:2  | Identified the +10 broad axe of the Harvest {vorpal,
                  | Fragile rF+ rC+ Dex+3} (You found it on level 2 of the
                  | Abyss)
 60509 | Abyss:3  | Found a corrupted altar of Lugonu.
 61234 | Abyss:3  | Gained mutation: You occasionally shout uncontrollably at
                  | your foes. [a cacodemon]
 61360 | Abyss:3  | Found a bloodstained altar of Trog.
 61530 | Abyss:4  | Found a corrupted altar of Lugonu.
 61746 | Abyss:5  | Entered Level 5 of the Abyss
 61751 | Abyss:5  | Found a corrupted altar of Lugonu.
 62007 | Abyss:5  | Found a transporter.
 62008 | Abyss:5  | Found an ornate altar of the Wu Jian Council.
 62064 | Abyss:5  | Paralysed by accursed screaming for 1 turns
 62081 | Abyss:5  | Gained mutation: Your magical capacity is low. (-10% MP) [a
                  | neqoxec]
 62158 | Abyss:5  | Reached skill level 15 in Necromancy
 62218 | Abyss:5  | Paralysed by accursed screaming for 2 turns
 62246 | Abyss:5  | Noticed an ancient lich
 62264 | Abyss:5  | Killed an ancient lich
 62266 | Abyss:5  | Found a transporter.
 62340 | Abyss:5  | Found a transporter.
 62341 | Abyss:5  | Got an abyssal rune of Zot
 62407 | Abyss:5  | Noticed an ancient lich
 62417 | Abyss:5  | Killed an ancient lich
 62445 | Depths:4 | Escaped the Abyss
 62454 | Depths:4 | Learned a level 1 spell: Apportation
 62560 | Pan      | Entered Pandemonium
 62654 | Pan      | Noticed Ralofira the pandemonium lord
 62673 | Pan      | Killed Ralofira the pandemonium lord
 62673 | Pan      | Reached skill level 15 in Axes
 62733 | Pan      | Got a demonic rune of Zot
 63428 | Pan      | Entered the realm of Cerebov.
 63545 | Pan      | Found a basalt altar of Yredelemnul.
 63643 | Pan      | Identified the +4 helmet "Enyunw Onye" {rElec rC++ MR+
                  | Dex+3} (You acquired it in Pandemonium)
 63908 | Pan      | Got a steaming marble ring
 63956 | Pan      | Identified Vehumet's Tome of Battle Magic
 63967 | Pan      | Reached skill level 15 in Translocations
 63988 | Pan      | Got a scintillating amber ring
 63990 | Pan      | Identified the ring "Dyroatt" {rF++ EV+3} (You found it in
                  | Pandemonium)
 63991 | Pan      | Identified the ring "Ygonof" {*Drain rElec rCorr Str+4
                  | Stlth+} (You found it in Pandemonium)
 64025 | Pan      | Identified the +6 sword of Cerebov {flame}
 64025 | Pan      | Noticed Cerebov
 64074 | Pan      | Killed Cerebov
 64099 | Pan      | Identified the Papyrus of Conjuration
 64120 | Pan      | Got a fiery rune of Zot
 64257 | Pan      | Noticed Hayfe the pandemonium lord
 64285 | Pan      | Killed Hayfe the pandemonium lord
 64464 | Pan      | Identified the +2 ring mail "Maosch" {Regen+ Dex+3}
 64987 | Pan      | Found a glowing silver altar of Zin.
 65439 | Pan      | Noticed a seraph
 65458 | Pan      | Killed a seraph
 65476 | Pan      | Found a glowing golden altar of the Shining One.
 65963 | Pan      | Identified the +2 buckler "Vimau" {rN+ MR+ Dex+6}
 66144 | Pan      | Found a white marble altar of Elyvilon.
 66646 | Pan      | Entered the realm of Gloorx Vloq.
 66836 | Pan      | Learned a level 6 spell: Statue Form
 67712 | Pan      | Noticed Gloorx Vloq
 67735 | Pan      | Killed Gloorx Vloq
 67746 | Pan      | HP: 13/266 [poisoned by Gloorx Vloq (dark miasma)]
 67752 | Pan      | Got a dark rune of Zot
 68852 | Pan      | Noticed Afubbiko the pandemonium lord
 68860 | Pan      | Killed Afubbiko the pandemonium lord
 68975 | Pan      | Gained mutation: Your magical capacity is very low. (-20%
                  | MP) [a neqoxec]
 69037 | Pan      | Got a pitted helmet
 69038 | Pan      | Identified the +2 helmet "Mipih" {rPois Str+6 Int-4} (You
                  | found it in Pandemonium)
 69137 | Pan      | Found an exit through the horrors of the Abyss.
 69183 | Pan      | Entered the realm of Lom Lobon.
 69184 | Pan      | Noticed Lom Lobon
 69186 | Pan      | Got a magical rune of Zot
 69246 | Pan      | Lost mutation: You are agile. (Dex +2) [a cacodemon]
 69250 | Pan      | Gained mutation: Scrolls take you a little longer to read.
                  | [a cacodemon]
 69535 | Pan      | Found an exit through the horrors of the Abyss.
 70022 | Pan      | Noticed Wounnamo the pandemonium lord
 70038 | Pan      | Killed Wounnamo the pandemonium lord
 70244 | Pan      | Learned a level 8 spell: Controlled Blink
 70245 | Pan      | Entered the realm of Mnoleg.
 70264 | Pan      | Lost mutation: Your muscles are strong. (Str +2) [a
                  | cacodemon]
 70337 | Pan      | Gained mutation: You are weak. (Str -2) [a neqoxec]
 70342 | Pan      | Gained mutation: Your body sometimes deteriorates upon
                  | taking damage. [a cacodemon]
 70345 | Pan      | Noticed Lom Lobon
 70360 | Pan      | Gained mutation: Your magical capacity is extremely low.
                  | (-30% MP) [a cacodemon]
 70361 | Pan      | Gained mutation: Scrolls take you longer to read. [a
                  | cacodemon]
 70376 | Pan      | Lost mutation: Your magical capacity is extremely low.
                  | (-30% MP) [a cacodemon]
 70393 | Pan      | Killed Lom Lobon
 70394 | Pan      | Gained mutation: You are very weak. (Str -4) [a neqoxec]
 70399 | Pan      | Gained mutation: You tend to lose your temper in combat. [a
                  | neqoxec]
 70446 | Pan      | Lost mutation: You occasionally shout uncontrollably at
                  | your foes. [potion of mutation]
 70446 | Pan      | Lost mutation: You are very weak. (Str -4) [potion of
                  | mutation]
 70446 | Pan      | Lost mutation: You tend to lose your temper in combat.
                  | [potion of mutation]
 70446 | Pan      | Lost mutation: Your body sometimes deteriorates upon taking
                  | damage. [potion of mutation]
 70446 | Pan      | Gained mutation: You are partially covered in iridescent
                  | scales. (AC +2) [potion of mutation]
 70446 | Pan      | Lost mutation: Your magical capacity is very low. (-20% MP)
                  | [potion of mutation]
 70446 | Pan      | Gained mutation: Your magical capacity is very low. (-20%
                  | MP) [potion of mutation]
 70446 | Pan      | Gained mutation: You possess an exceptional clarity of
                  | mind. [potion of mutation]
 70447 | Pan      | Lost mutation: Your magical capacity is very low. (-20% MP)
                  | [potion of mutation]
 70447 | Pan      | Lost mutation: You are weak. (Str -2) [potion of mutation]
 70447 | Pan      | Lost mutation: Your magical capacity is low. (-10% MP)
                  | [potion of mutation]
 70447 | Pan      | Gained mutation: You have sharp toenails. [potion of
                  | mutation]
 70447 | Pan      | Gained mutation: Your system is resistant to poisons.
                  | (rPois) [potion of mutation]
 70549 | Pan      | Reached skill level 15 in Transmutations
 70607 | Pan      | Noticed Mnoleg
 70607 | Pan      | Gained mutation: You occasionally shout uncontrollably at
                  | your foes. [a cacodemon]
 70636 | Pan      | Killed Mnoleg
 70684 | Pan      | Got a glowing rune of Zot
 70893 | Pan      | Found an exit through the horrors of the Abyss.
 70933 | Pan      | Took an exit into the Abyss.
 70933 | Abyss:1  | Escaped into the Abyss
 70955 | Depths:3 | Escaped the Abyss
 70992 | Hell     | Entered the Vestibule of Hell
 70992 | Hell     | Noticed Geryon
 71047 | Hell     | Killed Geryon
 71103 | Hell     | Found a gateway to the freezing wastes of Cocytus.
 71266 | Hell     | Found a gateway to the decaying netherworld of Tartarus.
 71320 | Hell     | Found a gateway to the Iron City of Dis.
 71459 | Hell     | Found a gateway to the ashen valley of Gehenna.
 71483 | Geh:1    | Entered Level 1 of Gehenna
 72237 | Geh:7    | Entered Level 7 of Gehenna
 72590 | Geh:7    | Identified the ring of Kare {rPois rN+ AC+3 Str+2}
 72603 | Geh:7    | Got a slimy amber ring
 72606 | Geh:7    | Identified the ring of Attitude {*Drain rElec Int+2 Dex+3
                  | Stlth-} (You found it on level 7 of Gehenna)
 72720 | Geh:7    | Identified the +7 sceptre of Asmodeus
 72720 | Geh:7    | Noticed Asmodeus
 72755 | Geh:7    | Killed Asmodeus
 72771 | Geh:7    | Got an obsidian rune of Zot
 72772 | Geh:7    | Upgraded the game from 0.25-a0-544-gee0576305d to
                  | 0.25-a0-545-ge4db218afc
 73102 | Tar:1    | Entered Level 1 of Tartarus
 74518 | Tar:7    | Entered Level 7 of Tartarus
 75778 | Tar:7    | Noticed Ereshkigal
 75827 | Tar:7    | Killed Ereshkigal
 75901 | Tar:7    | Got a bone rune of Zot
 77001 | Tar:7    | Identified Piod's Incunabulum of Ensnaring Clay
 77145 | Tar:7    | Got a pair of bloodstained boots
 77153 | Tar:7    | Got a vibrating diamond amulet
 77208 | Tar:7    | Identified Ywnob's Reference Book on Lethal Calling
 77316 | Hell     | Identified the cursed -6 pair of boots of Ocaikic {+Inv
                  | +Fly Str+2} (You found it on level 7 of Tartarus)
 77319 | Hell     | Identified the amulet "Onliycun" {Acrobat Fragile rN+ Int+2
                  | Dex+3} (You found it on level 7 of Tartarus)
 77377 | Dis:1    | Entered Level 1 of the Iron City of Dis
 77678 | Dis:3    | You fall into a shaft and drop 2 floors!
 77880 | Dis:5    | You fall into a shaft and drop 1 floor!
 77930 | Dis:6    | You fall into a shaft and drop 1 floor!
 77930 | Dis:7    | Entered Level 7 of the Iron City of Dis
 78314 | Dis:7    | Found the +3 Elemental Staff {rElec rF++ rC++ MR++ AC+5}
 78519 | Dis:7    | Identified the +4 staff of Dispater
 78519 | Dis:7    | Noticed Dispater
 78561 | Dis:7    | Killed Dispater
 78623 | Dis:7    | Got an iron rune of Zot
 78991 | Coc:1    | Entered Level 1 of Cocytus
 79660 | Coc:7    | Entered Level 7 of Cocytus
 79993 | Coc:7    | Got a jewelled war axe
 80095 | Coc:7    | Noticed Antaeus
 80126 | Coc:7    | Killed Antaeus
 80218 | Coc:7    | Got an icy rune of Zot
 80574 | Depths:3 | Identified the +12 war axe "Kepeh" {freeze, +Rage rC+ Str+6
                  | Dex+4} (You found it on level 7 of Cocytus)
 80590 | Zig:1    | Entered Level 1 of a ziggurat
 80596 | Zig:1    | Reached skill level 1 in Earth Magic
 80614 | Zig:2    | Entered Level 2 of a ziggurat
 80636 | Zig:3    | Entered Level 3 of a ziggurat
 80651 | Zig:3    | Reached skill level 5 in Earth Magic
 80668 | Zig:3    | Identified the +15 crystal plate armour of the Beggar {+Fly
                  | rF++} (You acquired it on level 3 of a ziggurat)
 80668 | Zig:3    | Identified DunjonMajick's Compendium of Arcane Weapons and
                  | Moulding (You acquired it on level 3 of a ziggurat)
 80668 | Zig:3    | Identified the +1 demon trident of Grandeur {flame, Int+5
                  | Dex+5 SInv} (You acquired it on level 3 of a ziggurat)
 80670 | Zig:4    | Entered Level 4 of a ziggurat
 80692 | Zig:4    | Got an ancient lapis lazuli ring
 80703 | Zig:4    | Identified the ring of Erroitel {rElec rF++ Stlth-} (You
                  | found it on level 4 of a ziggurat)
 80707 | Zig:5    | Entered Level 5 of a ziggurat
 80711 | Zig:5    | Noticed a juggernaut
 80729 | Zig:5    | Killed a juggernaut
 80729 | Zig:5    | Reached skill level 10 in Earth Magic
 80763 | Zig:6    | Entered Level 6 of a ziggurat
 80837 | Zig:7    | Entered Level 7 of a ziggurat
 80843 | Zig:7    | Noticed Bunaja the pandemonium lord
 80853 | Zig:7    | Reached skill level 15 in Earth Magic
 80872 | Zig:7    | Killed Bunaja the pandemonium lord
 80886 | Zig:7    | Got a coiled iron ring
 80889 | Zig:7    | Identified the ring "Puugec Ezyo" {MR- Str+3 Dex+3 Slay+4
                  | Stlth-} (You found it on level 7 of a ziggurat)
 80898 | Zig:8    | Entered Level 8 of a ziggurat
 80912 | Zig:8    | Paralysed by accursed screaming for 2 turns
 80962 | Zig:9    | Entered Level 9 of a ziggurat
 80989 | Zig:9    | Reached skill level 1 in Hexes
 81016 | Zig:9    | Identified the Catalogue of Lightness and the Glacier
 81040 | Zig:10   | Entered Level 10 of a ziggurat
 81114 | Zig:11   | Entered Level 11 of a ziggurat
 81130 | Zig:11   | Cast into level 5 of the Abyss (miscasting Controlled
                  | Blink)
 81130 | Abyss:5  | Entered Level 5 of the Abyss
 81247 | Zig:11   | Escaped the Abyss
 81311 | Zig:12   | Entered Level 12 of a ziggurat
 81370 | Zig:12   | Identified the Compendium of Gliding Unholy Rituals
 81388 | Zig:13   | Entered Level 13 of a ziggurat
 81400 | Zig:13   | Noticed an ancient lich
 81419 | Zig:13   | Paralysed by an ancient lich for 6 turns
 81429 | Zig:13   | Killed an ancient lich
 81447 | Zig:13   | Found the amulet of the Four Winds {rN+ MR+++ Clar}
 81480 | Zig:13   | Got a bound silver ring
 81484 | Zig:13   | Got a crude ivory ring
 81493 | Zig:13   | Got a warped bronze ring
 81497 | Zig:13   | Identified the ring of Qetuefe {rC++ MP+9} (You found it on
                  | level 13 of a ziggurat)
 81499 | Zig:13   | Identified the ring of Homol {-Tele rPois rF++ Dex+3} (You
                  | found it on level 13 of a ziggurat)
 81501 | Zig:13   | Identified the ring of Desertification {+Fly rC- Int+8
                  | SInv} (You found it on level 13 of a ziggurat)
 81510 | Zig:14   | Entered Level 14 of a ziggurat
 81518 | Zig:14   | Noticed a juggernaut
 81520 | Zig:14   | Noticed a juggernaut
 81520 | Zig:14   | Noticed a juggernaut
 81530 | Zig:14   | Killed a juggernaut
 81541 | Zig:14   | Killed a juggernaut
 81548 | Zig:14   | Killed a juggernaut
 81598 | Zig:14   | Got a brightly glowing bronze amulet
 81602 | Zig:14   | Identified the amulet of Xom's Approval {Harm *Drain rElec
                  | Dex+4} (You found it on level 14 of a ziggurat)
 81607 | Zig:15   | Entered Level 15 of a ziggurat
 81615 | Zig:15   | Noticed a juggernaut
 81615 | Zig:15   | Noticed a juggernaut
 81616 | Zig:15   | Noticed a juggernaut
 81616 | Zig:15   | Noticed a juggernaut
 81631 | Zig:15   | Killed a juggernaut
 81633 | Zig:15   | Killed a juggernaut
 81640 | Zig:15   | Killed a juggernaut
 81651 | Zig:15   | Killed a juggernaut
 81662 | Zig:15   | Found the ring of the Octopus King
 81683 | Zig:15   | Got a ring of the Octopus King
 81703 | Zig:15   | Identified Sif Muna's Guide on Malediction and Toxins
 81715 | Zig:15   | Identified a ring of the Octopus King {rN+ AC+1 EV+1 Str+1
                  | Int+1 Dex+1} (You found it on level 15 of a ziggurat)
 81718 | Zig:16   | Entered Level 16 of a ziggurat
 81736 | Zig:16   | Found the +8 demon blade "Leech" {vamp, *Rage +Rage rN+}
 81776 | Zig:16   | Got a smoking copper ring
 81779 | Zig:16   | Identified Utwer's Volume of Assistive Weightlessness
 81794 | Zig:16   | Identified the ring of Youthful Indiscretion {rPois Dex+4
                  | SInv} (You found it on level 16 of a ziggurat)
 81800 | Zig:17   | Entered Level 17 of a ziggurat
 81805 | Zig:17   | Noticed Ijeasiv the pandemonium lord
 81806 | Zig:17   | Noticed Eczod the pandemonium lord
 81809 | Zig:17   | Noticed Eckydu the pandemonium lord
 81811 | Zig:17   | Noticed Woepheok the pandemonium lord
 81813 | Zig:17   | Noticed Imuaveko the pandemonium lord
 81818 | Zig:17   | Noticed Naics the pandemonium lord
 81818 | Zig:17   | Noticed Viubamikoz the pandemonium lord
 81832 | Zig:17   | Killed Eczod the pandemonium lord
 81835 | Zig:17   | Killed Eckydu the pandemonium lord
 81835 | Zig:17   | Reached skill level 27 in Axes
 81839 | Zig:17   | Killed Viubamikoz the pandemonium lord
 81839 | Zig:17   | Reached skill level 27 in Fighting
 81841 | Zig:17   | Killed Ijeasiv the pandemonium lord
 81853 | Zig:17   | Killed Imuaveko the pandemonium lord
 81855 | Zig:17   | Killed Woepheok the pandemonium lord
 81856 | Zig:17   | Killed Naics the pandemonium lord
 81906 | Zig:17   | Got a scorched hat
 81910 | Zig:17   | Identified the +0 hat "Boicwiz" {Str+5} (You found it on
                  | level 17 of a ziggurat)
 81913 | Zig:17   | Identified the +4 bardiche of Tuttiy {flame, rN+ Str+3
                  | Int+3} (You acquired it on level 17 of a ziggurat)
 81920 | Zig:18   | Entered Level 18 of a ziggurat
 81933 | Zig:18   | Found the +7 sceptre of Torment {pain, torment}
 81990 | Zig:18   | Got a scorched golden amulet
 82004 | Zig:18   | Learned a level 8 spell: Necromutation
 82013 | Zig:18   | Learned a level 8 spell: Infestation
 82016 | Zig:18   | Identified the Reference Book on Creative Earth
 82043 | Zig:19   | Entered Level 19 of a ziggurat
 82120 | Zig:19   | Found the +8 glaive of the Guard {elec, +Rage AC+5 SInv}
 82164 | Zig:19   | Reached skill level 27 in Necromancy
 82167 | Zig:20   | Entered Level 20 of a ziggurat
 82178 | Zig:20   | Noticed an ancient lich
 82199 | Zig:20   | Killed an ancient lich
 82201 | Zig:20   | Reached skill level 10 in Spellcasting
 82213 | Zig:20   | Found the +6 lightning scales {run, rElec}
 82214 | Zig:20   | Found the +8 demon trident "Rift" {distort, reach+}
 82244 | Zig:20   | Identified the Papyrus of Viperous Flight
 82247 | Zig:20   | Got a sparkling pewter ring
 82280 | Zig:20   | Identified the amulet "Gehecs" {+Rage Slay+3} (You found it
                  | on level 18 of a ziggurat)
 82282 | Zig:20   | Identified the ring "Opsoenowi" {Wiz Str+3 Dex+5 Stlth-}
                  | (You found it on level 20 of a ziggurat)
 82309 | Zig:20   | Learned a level 9 spell: Shatter
 82311 | Zig:21   | Entered Level 21 of a ziggurat
 82354 | Zig:21   | HP: 13/298 [emperor scorpion (17)]
 82355 | Zig:21   | HP: 3/298 [emperor scorpion (6)]
 82356 | Zig:21   | Slain by a demonic crawler

Levels and vault maps discovered:
D:1:      minmay_arrival_four_circles, layout_basic, chequers_avenue,
          minmay_tetromino_l2
D:2:      layout_basic, minmay_quadrilaterals, uniq_crazy_yiuf_cottage,
          uniq_natasha, uniq_terence
D:3:      layout_basic, lemuel_crystal_altar, lemuel_round_altar,
          kennysheep_doodads
D:4:      layout_cave_pools, kennysheep_little_box, first_ration,
          chequers_serial_rivers_micro_e, chequers_serial_rivers_room_a
D:5:      layout_cave_pods, nicolae_tso_besieged_by_evil,
          nicolae_dithmenos_the_darkroom, basic_altar
D:6:      layout_basic, nicolae_overflow_crystal_walls, cheibriados_altar_1,
          minmay_temple_entry_mini_moons, basic_altar
D:7:      layout_cave_pods, lemuel_round_altar, the_bakery, elyvilon_altar_5,
          uniq_menkaure
D:8:      layout_cave_pods, led_sif_book, serial_bayou_pond_e, uniq_pikel,
          uniq_maurice
D:9:      cheibrodos_shockbox, layout_loops_corners, zin_statuary,
          old_standard_altar, lemuel_crystal_altar, minmay_lair_entry_grove
D:10:     layout_rooms, grunt_tough_drop, uniq_sonja
D:11:     layout_cave_pods
D:12:     layout_loops_corners, orc_david_3, basic_altar, minmay_curled_crystal,
          uniq_nessos
D:13:     layout_basic, grunt_vaults_entry_tiered, serial_shops,
          nicolae_shop_stone, portal_ice_cave_entry_imps, serial_undead,
          serial_undead_c, serial_undead_e, serial_undead_f, serial_undead_a,
          serial_undead_c, serial_undead_e, uniq_kirke
D:14:     layout_long_grid, minmay_door_square, uniq_rupert
D:15:     grunt_enter_depths_snipers, layout_irregular_city, minmay_crystal_room
Temple:   cyrus_temple_forest
Lair:1:   layout_chaotic_city, grunt_megastairs_2
Lair:2:   layout_gridlike, minmay_swamp_entry_worms, grunt_megastairs_4
Lair:3:   cheibrodos_magma_flow, layout_cave_pods, ebering_ghost_reflecting_pool
Lair:4:   layout_hall_layers, guppyfry_snake_entry_island,
          ebering_ghost_inner_flame, infiniplex_staircase_pool,
          grunt_megastairs_1, lemuel_fruit_tree, uniq_urug
Lair:5:   gammafunk_mikee_crab_dinner, layout_regular_city, slime_altar_2
Lair:6:   gammafunk_lair_ancient_temple, layout_loops_ring,
          gauntlet_entry_generic
Swamp:1:  layout_falls_marsh, basic_altar, swamp_pool4, wheals_swamp_sinkhole,
          cheibrodos_swamp_kobolds
Swamp:2:  layout_basic_swamp, evilmike_swamp_ruin_house_5,
          hangedman_swamp_double_dragon
Swamp:3:  layout_basic_swamp, evilmike_swamp_ruin_house_4, uniq_mara, uniq_aizul
Swamp:4:  swamp_pestilence, layout_basic_swamp, uniq_roxanne
Snake:1:  layout_honeycomb, nicolae_snake_springs, uniq_azrael
Snake:2:  layout_rooms, minmay_shop_grove, serial_bayou_shore_b
Snake:3:  minmay_snake_river, layout_cave_town, serial_shops,
          nicolae_shop_behind_doors, grunt_ministairs_8, hangedman_venom_bottle
Snake:4:  snake_pit_salamanders_mu, layout_basic
Slime:1:  layout_caves
Slime:2:  layout_caves, nicolae_slime_barrier,
          cheibrodos_slime_lost_civilization_7
Slime:3:  layout_caves, cheibrodos_slime_lost_civilization_4
Slime:4:  layout_caves
Slime:5
Orc:1:    layout_caves, uniq_josephine, uniq_fannar
Orc:2:    st_orc_elflike, layout_caves
Elf:1:    elf_arrival_002, layout_onion_city, minmay_elf_sorcery, uniq_louise
Elf:2:    layout_geoelf_diagonals, ebering_ghost_xom
Elf:3:    nooodl_elf_gasket, layout_gridlike, serial_shops, shop,
          uniq_saint_roka
Vaults:1: nicolae_vaults_c_with_doors, dpeg_vaults_monster_box, v_misc_11,
          ontoclasm_vaults_ring_small, nicolae_vaults_yaktaur_gun_rack,
          nicolae_vaults_big_ls, ontoclasm_vaults_hangar,
          layout_vaults_big_room, portal_desolation_entry_nicolae_nacl
Vaults:2: v_pattern_3, nicolae_vaults_what_the_h, hangedman_vaults_nails,
          vaults_mumra_bighexcomb, minmay_crypt_entry_simple_corners, v_misc_24,
          hangedman_vaults_corner, nicolae_vaults_triangles,
          nicolae_vaults_puzzle_piece, v_alt_pattern_3, vaults_room_hallway,
          layout_vaults_ring
Vaults:3: gammafunk_vaults_ghost_grave, v_alt_pattern_3,
          nicolae_vaults_gold_heap, nicolae_vaults_disjoint_gnomons,
          hangedman_vaults_nails, v_alt_pattern_6, ontoclasm_vaults_misaligned,
          v_misc_26, grunt_vaults_focal, hangedman_vaults_trim,
          dpeg_vaults_monster_row, grunt_vaults_hallway_long,
          vaults_room_fancy_cross, vaults_room_grid, layout_vaults_maze_snakey,
          serial_shops, shop
Vaults:4: ontoclasm_vaults_fault, vaults_mumra_chevron_long,
          hangedman_vaults_pinch, v_misc_5, vaults_standard_mumra_x,
          vaults_mumra_lcd, nicolae_vaults_network_s,
          nicolae_vaults_lopsided_apartments, nicolae_vaults_network_square,
          nicolae_vaults_diagonal_hallway_7, v_misc_29, vaults_room_large_hall,
          nicolae_vaults_circle_grid_a, layout_vaults_big_cross
Vaults:5: serial_shops
Crypt:1:  layout_basic, serial_sigils_hangedman_gut, grunt_crypt_arrival_split,
          uniq_jory
Crypt:2:  layout_misc_corridors
Crypt:3:  cryptofortress_bobbens
Depths:1: layout_roguey, chequers_jeans, pf_coc_iceberg, lightli_giant_bouncers,
          kennysheep_random_hallway, serial_bayou_shore_b
Depths:2: hangedman_cross_cluster, layout_gridville, evilmike_ruin_ashenzari,
          hell_entry
Depths:3: minmay_three_patterns, layout_basic, enter_ziggurat_a,
          infiniplex_enter_wizlab_spiral, pan_entry, grunt_hell_horde,
          infiniplex_staircase_pillars_1, grunt_megastairs_3
Depths:4: gammafunk_dig_for_victory, layout_long_grid,
          abyss_entry_small_statue_room, hex_tiny, hell_entry, kb_rosetta,
          infiniplex_staircase_spiral_double
Depths:5: grunt_zot_entry_gee_three, layout_gridlike, grunt_hell_entry_dis_old,
          abyss_entry, hangedman_abyss_or_decor_stabs, drop_trap
Hell
Dis:1:    layout_jigsaw
Dis:2:    layout_regular_city
Dis:3:    layout_gridville
Dis:5:    layout_jigsaw
Dis:6:    layout_overlapping_boxes
Dis:7:    iron_city_of_dis [dis_grunt, dis_wall_8], layout_chaotic_city
Geh:1:    layout_gehenna_pools_basic, lemuel_old_faithful
Geh:2:    layout_gehenna_pools_basic
Geh:3:    layout_gehenna_lava_caves
Geh:4:    layout_gehenna_lava_caves
Geh:5:    layout_gehenna_lava_caves
Geh:6:    layout_gehenna_pools_box
Geh:7:    geh_old
Coc:1:    layout_ice_bergs
Coc:2:    layout_cocytus_water_paths
Coc:3:    layout_cocytus_delve
Coc:4:    layout_ice_bergs
Coc:5:    layout_ice_bergs
Coc:6:    layout_cocytus_water_paths
Coc:7:    coc_hangedman
Tar:1:    layout_grid_maze
Tar:2:    layout_honeycomb
Tar:3:    layout_grid_maze
Tar:4:    layout_catacombs
Tar:5:    layout_cathedral_of_symmetry
Tar:6:    layout_catacombs, nicolae_tar_cuneiform_bread
Tar:7:    tar_mu [tar_mu_maze]
Zot:1:    cheibrodos_zot_enchanting_chambers, layout_cathedral_of_symmetry,
          ebering_ghost_inner_flame
Zot:2:    layout_twisted_circle
Zot:3:    grunt_zot_stairs_overgrown, layout_onion_interference
Zig:21

Skill      XL: |  1  2  3  4  5  6  7  8  9 10 11 12 13 14 15 16 17 18 19 20 21 22 23 24 25 26 27 |
---------------+----------------------------------------------------------------------------------+-----
Axes           | 3 5 9 13 14 27 | 27.0
Shields        | 5 7 9 11 13 15 18 23 25 | 25.0
Armour         | 6 8 9 11 12 13 15 17 20 23 25 26 27 | 27.0
Fighting       | 7 8 10 12 16 27 | 27.0
Evocations     | 7 9 11 16 | 16.4
Invocations    | 7 10 11 | 11.6
Polearms       | 2 3 7 9 12 | 12.3
Translocations | 5 12 13 24 | 24.2
Spellcasting   | 2 8 11 | 11.3
Dodging        | 10 18 19 | 19.0
Transmutations | 11 20 | 20.2
Necromancy     | 27 | 27.0
Earth Magic    | 23 | 23.3
Hexes          | 2 |  2.7

Action                   |  1- 3 |  4- 6 |  7- 9 | 10-12 | 13-15 | 16-18 | 19-21 | 22-24 | 25-27 || total
-------------------------+-------+-------+-------+-------+-------+-------+-------+-------+-------++-------
Melee: War axe           |    71 |       |       |    15 |       |       |       |       |   620 ||   706
       Whip              |    39 |   156 |   387 |    33 |       |       |       |       |       ||   615
       Kick              |     5 |    38 |   148 |   258 |       |       |       |       |    15 ||   464
       Hand axe          |       |       |       |  1031 |  1414 |       |       |       |       ||  2445
       Lance             |       |       |       |       |   459 |  2287 |  2638 |  2526 |  4381 || 12291
       Broad axe         |       |       |       |       |       |       |       |       |  5858 ||  5858
 Cast: Controlled Blink  |       |       |       |       |       |       |       |       |     9 ||     9
       Blink             |       |       |       |       |       |       |       |       |     2 ||     2
       Apportation       |       |       |       |       |       |       |       |       |     1 ||     1
       Statue Form       |       |       |       |       |       |       |       |       |     1 ||     1
       Necromutation     |       |       |       |       |       |       |       |       |     1 ||     1
Invok: Major Destruction |       |       |       |     1 |       |       |     1 |       |       ||     2
       Greater Servant o |       |       |       |       |     2 |     3 |     3 |       |       ||     8
       Lesser Servant of |       |       |       |       |     1 |       |       |       |       ||     1
 Abil: Heal Wounds       |       |     1 |    10 |     4 |    19 |     4 |     8 |     1 |     7 ||    54
Evoke: Wand              |       |       |       |    28 |    18 |     2 |       |       |    15 ||    63
       Phantom mirror    |       |       |       |       |       |       |       |       |     1 ||     1
  Use: Potion            |     1 |       |     7 |     2 |     3 |     1 |     1 |     4 |    51 ||    70
       Scroll            |       |       |    10 |     6 |    22 |     3 |     8 |    10 |    53 ||   112
 Stab: Paralysed         |       |       |       |       |    15 |       |       |       |       ||    15
       Distracted        |       |       |       |       |     2 |     3 |     1 |       |     6 ||    12
       Sleeping          |       |       |       |       |       |       |       |     1 |       ||     1
       Confused          |       |       |       |       |       |       |       |       |     1 ||     1
  Eat: Chunk             |     1 |    10 |    17 |    26 |    28 |    20 |    16 |    17 |    37 ||   172
       Ration            |       |       |       |       |     1 |     3 |     3 |     4 |    30 ||    41
Armor: Scale mail        |    64 |    46 |   106 |   276 |   557 |   557 |   280 |       |       ||  1886
       Crystal plate arm |       |       |       |       |       |       |   198 |   636 |  2739 ||  3573
       Skin              |       |       |       |       |       |       |       |       |    18 ||    18
Dodge: Dodged            |    36 |    38 |    67 |   184 |   333 |   319 |   479 |   635 |  3481 ||  5572
Block: Kite shield       |    57 |    68 |   201 |   512 |   856 |  1290 |  1346 |  1431 |  1468 ||  7229
       Reflection        |       |       |       |       |       |    92 |   115 |   108 |    57 ||   372
       Tower shield      |       |       |       |       |       |       |       |       | 10025 || 10025

Table legend:
 A = Non-vault XP
 B = Vault XP
 C = Vault XP percentage of total XP
 D = Non-vault monster count
 E = Vault monster count
 F = Vault count percentage of total count
                 A         B        C        D         E       F
            +---------+---------+-------+---------+---------+-------
      Total | 2593064 | 1690888 |  39.5 |    3852 |    1711 |  30.8
            +---------+---------+-------+---------+---------+-------
        D:1 |      29 |       4 |  12.1 |      17 |       2 |  10.5
        D:2 |      92 |     177 |  65.8 |      18 |       9 |  33.3
        D:3 |     144 |       0 |   0.0 |      24 |       0 |   0.0
        D:4 |     109 |       0 |   0.0 |       7 |       0 |   0.0
        D:5 |     475 |      47 |   9.0 |      14 |       8 |  36.4
        D:6 |    2559 |       0 |   0.0 |      40 |       0 |   0.0
        D:7 |    1358 |     403 |  22.9 |      21 |       2 |   8.7
        D:8 |    2013 |    1128 |  35.9 |      47 |       4 |   7.8
        D:9 |    4383 |    1908 |  30.3 |      44 |      13 |  22.8
       D:10 |     550 |    2646 |  82.8 |       4 |       7 |  63.6
       D:11 |    2436 |       0 |   0.0 |      20 |       0 |   0.0
       D:12 |    3852 |    1395 |  26.6 |      25 |       6 |  19.4
       D:13 |    5966 |   13737 |  69.7 |      41 |      52 |  55.9
       D:14 |    3218 |    1808 |  36.0 |      17 |       1 |   5.6
       D:15 |   18875 |    3032 |  13.8 |      49 |       3 |   5.8
     Lair:1 |    2655 |     143 |   5.1 |      10 |       1 |   9.1
     Lair:2 |    5322 |    1399 |  20.8 |      24 |       6 |  20.0
     Lair:3 |    4589 |    2040 |  30.8 |      17 |       7 |  29.2
     Lair:4 |    6062 |    4291 |  41.4 |      30 |       6 |  16.7
     Lair:5 |    8245 |   13043 |  61.3 |      29 |      16 |  35.6
     Lair:6 |   13514 |    9639 |  41.6 |      49 |      28 |  36.4
    Swamp:1 |   10338 |     792 |   7.1 |      33 |       2 |   5.7
    Swamp:2 |   12041 |    4530 |  27.3 |      26 |      10 |  27.8
    Swamp:3 |   16224 |    9731 |  37.5 |      41 |       2 |   4.7
    Swamp:4 |    6837 |   15631 |  69.6 |      29 |      42 |  59.2
    Snake:1 |    8883 |    9606 |  52.0 |      17 |      24 |  58.5
    Snake:2 |   14961 |       0 |   0.0 |      24 |       0 |   0.0
    Snake:3 |   10067 |   13763 |  57.8 |      17 |      37 |  68.5
    Snake:4 |   23155 |   45824 |  66.4 |      53 |      66 |  55.5
    Slime:1 |    7538 |       0 |   0.0 |      15 |       0 |   0.0
    Slime:2 |    2313 |       0 |   0.0 |       1 |       0 |   0.0
    Slime:3 |    2126 |       0 |   0.0 |       7 |       0 |   0.0
    Slime:4 |    8178 |       0 |   0.0 |      10 |       0 |   0.0
    Slime:5 |    9159 |   31538 |  77.5 |      13 |      12 |  48.0
      Orc:1 |    3946 |    3427 |  46.5 |      28 |       7 |  20.0
      Orc:2 |    2227 |    7987 |  78.2 |      49 |      25 |  33.8
      Elf:1 |   16865 |   10253 |  37.8 |      30 |      14 |  31.8
      Elf:2 |   21547 |   30461 |  58.6 |      33 |      36 |  52.2
      Elf:3 |   18248 |   58763 |  76.3 |      32 |      50 |  61.0
   Vaults:1 |   49725 |   35510 |  41.7 |      82 |      57 |  41.0
   Vaults:2 |   56813 |   32476 |  36.4 |      82 |      53 |  39.3
   Vaults:3 |   58446 |   27681 |  32.1 |      93 |      32 |  25.6
   Vaults:4 |   34572 |   22584 |  39.5 |      68 |      27 |  28.4
   Vaults:5 |   23398 |  125455 |  84.3 |      37 |      82 |  68.9
    Crypt:1 |   11201 |    4095 |  26.8 |      19 |       1 |   5.0
    Crypt:2 |   38778 |       0 |   0.0 |      55 |       0 |   0.0
    Crypt:3 |       0 |   63476 | 100.0 |       0 |      78 | 100.0
   Depths:1 |   35871 |   20601 |  36.5 |      48 |      15 |  23.8
   Depths:2 |   30702 |   34772 |  53.1 |      36 |      23 |  39.0
   Depths:3 |   48808 |   29636 |  37.8 |      51 |      27 |  34.6
   Depths:4 |   47967 |   57736 |  54.6 |      57 |      26 |  31.3
   Depths:5 |   52546 |   25463 |  32.6 |      65 |      18 |  21.7
       Hell |   20196 |   42275 |  67.7 |      32 |      59 |  64.8
      Dis:1 |   14625 |       0 |   0.0 |      28 |       0 |   0.0
      Dis:2 |    3367 |       0 |   0.0 |       8 |       0 |   0.0
      Dis:3 |   10748 |       0 |   0.0 |      24 |       0 |   0.0
      Dis:5 |    9117 |       0 |   0.0 |      17 |       0 |   0.0
      Dis:6 |   18416 |       0 |   0.0 |      13 |       0 |   0.0
      Dis:7 |   42493 |  111425 |  72.4 |      57 |      79 |  58.1
      Geh:1 |   28862 |       0 |   0.0 |      52 |       0 |   0.0
      Geh:2 |   37302 |       0 |   0.0 |      84 |       0 |   0.0
      Geh:3 |    5066 |       0 |   0.0 |      17 |       0 |   0.0
      Geh:4 |   14185 |       0 |   0.0 |      26 |       0 |   0.0
      Geh:7 |   41696 |   53067 |  56.0 |      79 |      40 |  33.6
      Coc:1 |    3375 |       0 |   0.0 |       6 |       0 |   0.0
      Coc:2 |   22435 |       0 |   0.0 |      38 |       0 |   0.0
      Coc:4 |   16075 |       0 |   0.0 |      16 |       0 |   0.0
      Coc:5 |   13198 |       0 |   0.0 |      21 |       0 |   0.0
      Coc:6 |   18676 |       0 |   0.0 |      27 |       0 |   0.0
      Coc:7 |   43317 |   84118 |  66.0 |      59 |      73 |  55.3
      Tar:1 |    4789 |       0 |   0.0 |       5 |       0 |   0.0
      Tar:2 |   23020 |       0 |   0.0 |      34 |       0 |   0.0
      Tar:3 |   27838 |       0 |   0.0 |      26 |       0 |   0.0
      Tar:4 |   19958 |       0 |   0.0 |      41 |       0 |   0.0
      Tar:5 |   55532 |       0 |   0.0 |      59 |       0 |   0.0
      Tar:6 |   24562 |       0 |   0.0 |      24 |       0 |   0.0
      Tar:7 |  134111 |  134656 |  50.1 |     170 |      87 |  33.9
      Zot:1 |   63442 |   49639 |  43.9 |      39 |      26 |  40.0
      Zot:2 |   29077 |       0 |   0.0 |      10 |       0 |   0.0
      Zot:3 |   75434 |     572 |   0.8 |      45 |       1 |   2.2
    Abyss:1 |    1481 |    2343 |  61.3 |       1 |       2 |  66.7
    Abyss:2 |    5653 |       0 |   0.0 |       5 |       0 |   0.0
    Abyss:3 |   39199 |    1945 |   4.7 |      79 |       3 |   3.7
    Abyss:4 |    7063 |     254 |   3.5 |      17 |       1 |   5.6
    Abyss:5 |   69033 |   22478 |  24.6 |     108 |      18 |  14.3
        Pan |  380252 |  323463 |  46.0 |     412 |     208 |  33.5
      Zig:1 |    1519 |       0 |   0.0 |       2 |       0 |   0.0
      Zig:2 |    2395 |       0 |   0.0 |       2 |       0 |   0.0
      Zig:3 |    2159 |       0 |   0.0 |       4 |       0 |   0.0
      Zig:4 |    5643 |       0 |   0.0 |       4 |       0 |   0.0
      Zig:5 |   11122 |       0 |   0.0 |       9 |       0 |   0.0
      Zig:6 |    7781 |       0 |   0.0 |      10 |       0 |   0.0
      Zig:7 |   13428 |       0 |   0.0 |      10 |       0 |   0.0
      Zig:8 |   13580 |       0 |   0.0 |      18 |       0 |   0.0
      Zig:9 |    9636 |       0 |   0.0 |      13 |       0 |   0.0
     Zig:10 |   13184 |       0 |   0.0 |      25 |       0 |   0.0
     Zig:11 |   11671 |       0 |   0.0 |      19 |       0 |   0.0
     Zig:12 |   21056 |       0 |   0.0 |      24 |       0 |   0.0
     Zig:13 |   34879 |    2236 |   6.0 |      20 |       4 |  16.7
     Zig:14 |   37022 |       0 |   0.0 |      47 |       0 |   0.0
     Zig:15 |   42818 |       0 |   0.0 |      45 |       0 |   0.0
     Zig:16 |   25410 |       0 |   0.0 |      34 |       0 |   0.0
     Zig:17 |   83180 |       0 |   0.0 |      26 |       0 |   0.0
     Zig:18 |   27733 |       0 |   0.0 |      40 |       0 |   0.0
     Zig:19 |   43617 |       0 |   0.0 |      43 |       0 |   0.0
     Zig:20 |   70540 |       0 |   0.0 |      40 |       0 |   0.0
     Zig:21 |   20413 |       0 |   0.0 |      37 |       0 |   0.0
      IceCv |       0 |    6063 | 100.0 |       0 |      25 | 100.0
     WizLab |       0 |   25824 | 100.0 |       0 |      50 | 100.0
 Desolation |       0 |   48256 | 100.0 |       0 |      90 | 100.0
   Gauntlet |     759 |    3643 |  82.8 |       3 |       8 |  72.7
            +---------+---------+-------+---------+---------+-------
